 Dungeon Crawl Stone Soup version 0.31-a0-1154-gadca813884 (webtiles) character file.

Game seed: 508025152583973404

1773729 MackTheKnife the Hand of Fortune (level 25, 219/219 (226) HPs)
             Began as a Demonspawn Delver on Dec 6, 2023.
             Was the Champion of Nemelex Xobeh.
             Escaped with the Orb
             ... and 3 runes on Dec 7, 2023!
             The game lasted 01:42:30 (58721 turns).

MackTheKnife the Hand of Fortune (DsDe)            Turns: 58721, Time: 01:42:31

HP:   219/219 (226) AC: 39    Str: 12    XL:     25   Next: 19%
MP:   40/40         EV: 18    Int: 15    God:    Nemelex Xobeh [******]
Gold: 4164          SH: 18    Dex: 23    Spells: 33/33 levels left

rFire   + + .        y - +7 falchion of Might {spect, rF++ Int-2, long}
rCold   + + .        j - +2 kite shield {reflect}
rNeg    . . .        h - +5 storm dragon scales {Bai Suzhen}
rPois   +            B - +2 hood of the Assassin {Detect Stab+ Stlth++}
rElec   +            (cloak unavailable)
rCorr   +            E - +2 pair of gloves
SInv    +            T - +2 pair of boots {rampage}
Will    ++...        U - amulet "Seclafru" {Faith Slay+5 SInv}
Stlth   ++           A - ring "Neubothi" {Fly rPois AC+4 Int+2}
HPRegen 0.56/turn    R - ring "Zewn" {rC+ rCorr EV+5 SInv Stlth+}
MPRegen 0.54/turn

%: reflection, guardian spirit, rampage, faith
@: flying, lightly drained
A: icy blue scales 3, powered by pain 3, magic shield, magic regeneration, magic
link, black mark, bedeviling, aura of silence, weakness stinger 3, horns 1,
strong-willed 1
0: Orb of Zot
}: 3/15 runes: decaying, serpentine, silver
a: Renounce Religion, Draw Escape, Draw Destruction, Draw Summoning, Draw Stack,
Triple Draw, Deal Four, Stack Five


You escaped.
You worshipped Nemelex Xobeh.
Nemelex Xobeh was exalted by your worship.
You visited 9 branches of the dungeon, and saw 47 of its levels.
You also visited: Trove, Ossuary, Gauntlet, Ice Cave, Volcano, Wizlab and Desolation.

You collected 11117 gold pieces.
You spent 6953 gold pieces at shops.


Innate Abilities, Weirdness & Mutations

You are completely covered in icy blue scales. (AC +4, rC+)
You are powered by pain.
When hurt, damage is shared between your health and your magic reserves.
You regenerate magic rapidly.
When low on magic, you restore magic in place of health.
Your melee attacks may debilitate your foes.
Your hexes are more powerful.
You are surrounded by an aura of silence.
You have a sharp stinger which inflicts weakening toxins.
You have a pair of small horns on your head.
You are strong-willed. (Will+)


   Skills:
 + Level 24.8 Fighting
 - Level 9.4(12.3) Short Blades
 - Level 12.7(14.0) Long Blades
 - Level 16.0 Armour
 - Level 16.0 Dodging
 - Level 12.0 Stealth
 - Level 17.0 Shields
 - Level 4.6 Spellcasting
 O Level 27 Invocations


You had 33 spell levels left.
You didn't know any spells.
Your spell library contained the following spells:

 Spells                   Type           Power      Damage    Failure   Level
 Apportation              Tloc           6%         N/A       98%         1
 Foxfire                  Conj/Fire      12%        2x1d4     98%         1
 Freeze                   Ice            12%        1d3       98%         1
 Kiss of Death            Conj/Necr      12%        2d6       98%         1
 Magic Dart               Conj           12%        1d3       98%         1
 Shock                    Conj/Air       12%        1d3       98%         1
 Slow                     Hex            20%        N/A       98%         1
 Sting                    Tmut/Pois      12%        1d3       98%         1
 Blink                    Tloc           6%         N/A       99%         2
 Call Imp                 Summ           6%         N/A       99%         2
 Ensorcelled Hibernation  Hex/Ice        10%        N/A       99%         2
 Jinxbite                 Hex            10%        N/A       99%         2
 Passwall                 Tmut/Erth      2%         N/A       99%         2
 Poisonous Vapours        Pois/Air       6%         N/A       99%         2
 Scorch                   Fire           6%         2d5       99%         2
 Searing Ray              Conj           6%         2d4       99%         2
 Static Discharge         Conj/Air       6%         3-4/arc   99%         2
 Sublimation of Blood     Necr           3%         N/A       99%         2
 Call Canine Familiar     Summ           3%         N/A       100%        3
 Confusing Touch          Hex            5%         N/A       100%        3
 Dazzling Flash           Conj/Hex       10%        N/A       100%        3
 Frozen Ramparts          Ice            6%         1d1       100%        3
 Hailstorm                Conj/Ice       3%         3d5       100%        3
 Ignite Poison            Fire/Tmut/Pois 3%         N/A       100%        3
 Mephitic Cloud           Conj/Pois/Air  3%         N/A       100%        3
 Sigil of Binding         Hex            5%         N/A       100%        3
 Stone Arrow              Conj/Erth      6%         3d7       100%        3
 Swiftness                Air            3%         N/A       100%        3
 Vampiric Draining        Necr           3%         2d6       100%        3
 Volatile Blastmotes      Fire/Tloc      6%         2d10      100%        3
 Airstrike                Air            1%         2d(1-17)  100%        4
 Brom's Barrelling Bould  Conj/Erth      3%         2d3       100%        4
 Cause Fear               Hex            2%         N/A       100%        4
 Dimensional Bullseye     Hex/Tloc       2%         N/A       100%        4
 Flame Wave               Conj/Fire      3%         2d5       100%        4
 Fulminant Prism          Conj/Hex       2%         3d5       100%        4
 Iskenderun's Mystic Bla  Conj/Tloc      3%         2d3       100%        4
 Leda's Liquefaction      Hex/Erth       2%         N/A       100%        4
 Manifold Assault         Tloc           3%         N/A       100%        4
 Olgreb's Toxic Radiance  Pois           3%         N/A       100%        4
 Passage of Golubria      Tloc           3%         N/A       100%        4
 Petrify                  Tmut/Erth      3%         N/A       100%        4
 Summon Ice Beast         Ice/Summ       3%         N/A       100%        4
 Summon Lightning Spire   Summ/Air       3%         N/A       100%        4
 Vhi's Electric Charge    Tloc/Air       6%         N/A       100%        4
 Alistair's Intoxication  Tmut/Pois      2%         N/A       100%        5
 Arcjolt                  Conj/Air       1%         1d11      100%        5
 Fireball                 Conj/Fire      1%         3d3       100%        5
 Freezing Cloud           Conj/Ice/Air   1%         6-21      100%        5
 Irradiate                Conj/Tmut      1%         3d12      100%        5
 Iskenderun's Battlesphe  Conj           3%         2d6       100%        5
 Silence                  Hex/Air        2%         N/A       100%        5
 Summon Forest            Summ/Tloc      1%         N/A       100%        5
 Summon Mana Viper        Hex/Summ       5%         N/A       100%        5
 Yara's Violent Unravell  Hex/Tmut       2%         3d3       100%        5
 Conjure Ball Lightning   Conj/Air       1%         3x3d6     100%        6
 Dispersal                Tloc           1%         N/A       100%        6
 Eringya's Noxious Bog    Tmut/Pois      1%         4d6       100%        6
 Plasma Beam              Fire/Air       1%         2x1d11    100%        6
 Starburst                Conj/Fire      1%         6d3       100%        6
 Summon Cactus Giant      Summ           1%         N/A       100%        6
 Enfeeble                 Hex            2%         N/A       100%        7
 Monstrous Menagerie      Summ           1%         N/A       100%        7
 Orb of Destruction       Conj           1%         9d5       100%        7
 Disjunction              Tloc           1%         N/A       100%        8
 Lehudib's Crystal Spear  Conj/Erth      1%         10d2      100%        8
 Chain Lightning          Conj/Air       1%         3d2       100%        9
 Dragon's Call            Summ           1%         N/A       100%        9

Inventory:

Hand Weapons
 r - the +7 Spriggan's Knife {stab, EV+4 Stlth+}
   (You found it in the Desolation of Salt)

   Stab:      It is more effective when stabbing unaware enemies, sometimes
   treating them as though they were completely helpless.
   EV+4:      It affects your evasion (+4).
   Stlth+:    It makes you more stealthy.
 s - a +9 vampiric demon blade {long}
   (You bought it in a shop on level 2 of the Orcish Mines)
 y - the +7 falchion of Might (weapon) {spect, rF++ Int-2, long}
   (You bought it in a shop on level 7 of the Dungeon)

   Int-2:     It affects your intelligence (-2).
   rF++:      It greatly protects you from fire.
Armour
 h - +5 storm dragon scales (worn) {Bai Suzhen}
   (You found it on level 2 of the Vaults)
 j - a +2 kite shield of reflection (worn)
   (You took it off a tengu warrior on level 15 of the Dungeon)
 B - the +2 hood of the Assassin (worn) {Detect Stab+ Stlth++}
   (You found it in a treasure trove)

   Detect:    It allows the wearer to sense nearby creatures.
   Stab+:     It allows the wearer to make particularly effective stabbing
   attacks against helpless or unaware enemies with any weapon.
   Stlth++:   It makes you much more stealthy.
 E - a +2 pair of gloves (worn)
   (You bought it in a shop on level 7 of the Dungeon)
 O - a +0 kite shield of protection
   (You took it off a gnoll sergeant on level 11 of the Dungeon)
 P - a +2 kite shield of cold resistance
   (You found it in an ice cave)
 T - a +2 pair of boots of rampaging (worn)
   (You found it in a volcano)
Jewellery
 d - the ring "Upyin" {Fire Will++ rCorr Stlth-}
   (You acquired it on level 2 of the Swamp)

   [ring of fire]

   Fire:      It enhances your fire magic.
   rF+:       It protects you from fire.
   rC-:       It makes you vulnerable to cold.
   Will++:    It greatly increases your willpower.
   rCorr:     It protects you from acid and corrosion.
   Stlth-:    It makes you less stealthy.
 i - a ring of flight
   (You found it on level 2 of the Dungeon)
 A - the ring "Neubothi" (left hand) {Fly rPois AC+4 Int+2}
   (You bought it in a shop on level 2 of the Orcish Mines)

   [ring of protection]

   AC+4:      It affects your AC (+4).
   Int+2:     It affects your intelligence (+2).
   rPois:     It protects you from poison Fly: It grants you flight.
 L - the ring "Geuloq" {rElec Str+6}
   (You acquired it on level 4 of the Lair of Beasts)

   [ring of strength]

   Str+6:     It affects your strength (+6).
   rElec:     It insulates you from electricity.
 R - the ring "Zewn" (right hand) {rC+ rCorr EV+5 SInv Stlth+}
   (You found it in a treasure trove)

   [ring of evasion]

   EV+5:      It affects your evasion (+5).
   rC+:       It protects you from cold.
   SInv:      It lets you see invisible.
   rCorr:     It protects you from acid and corrosion.
   Stlth+:    It makes you more stealthy.
 S - the ring of Kupruant {*Corrode rF+ Dex+5 Stlth+}
   (You found it in the Desolation of Salt)

   [ring of protection from fire]

   Dex+5:     It affects your dexterity (+5).
   rF+:       It protects you from fire.
   *Corrode:  It may corrode you when you take damage.
   Stlth+:    It makes you more stealthy.
 U - the amulet "Seclafru" (around neck) {Faith Slay+5 SInv}
   (You found it in a treasure trove)

   [amulet of faith]

   Faith:     It allows you to gain divine favour quickly.
   Slay+5:    It affects your accuracy & damage with ranged weapons and melee
   (+5).
   SInv:      It lets you see invisible.
 Z - the ring of Doso Xey {rC+ rN+ Will+}
   (You took it off a minotaur in a Gauntlet)

   [ring of willpower]

   rC+:       It protects you from cold.
   rN+:       It protects you from negative energy.
   Will+:     It increases your willpower.
Wands
 g - a wand of digging (33)
 C - a wand of iceblast (42)
   (You took it off Erica on level 1 of the Lair of Beasts)
 D - a wand of acid (46)
   (You took it off an orc priest on level 7 of the Dungeon)
Scrolls
 c - 8 scrolls of fog
 e - 12 scrolls of fear
 m - a scroll of silence {!r}
 t - 6 scrolls of teleportation {@r4}
 v - 4 scrolls of blinking {!r}
 G - 6 scrolls of vulnerability {!r!r}
 J - 2 scrolls of enchant weapon
 K - a scroll of immolation {!r!r}
 M - 4 scrolls of brand weapon
 N - 7 scrolls of poison {!r}
 Y - 3 scrolls of summoning
Potions
 a - 23 potions of curing {@q1}
 b - 7 potions of lignification {!q}
 f - 6 potions of haste {@q3}
 l - 6 potions of cancellation
 n - 8 potions of might
 o - 7 potions of berserk rage {!q}
 p - 7 potions of magic
 q - 10 potions of heal wounds {@q2}
 x - 12 potions of enlightenment
 z - 3 potions of resistance
 F - 5 potions of mutation {!q}
 H - 2 potions of invisibility
Miscellaneous
 u - a phial of floods
   (You found it on level 5 of the Lair of Beasts)
 I - a sack of spiders
   (You found it on level 3 of the Vaults)
 Q - a condenser vane
   (You found it in an ice cave)
 W - a phantom mirror
   (You found it on level 4 of the Vaults)

Dungeon Overview and Level Annotations

Branches:
Dungeon (15/15)            Temple (0/1) D:5            Lair (5/5) D:11
  Swamp (4/4) Lair:3        Snake (4/4) Lair:2        Slime (0/5) Lair:4
    Orc (2/2) D:11            Elf (3/3) Orc:2        Vaults (5/5) D:13
  Crypt (0/3) Vaults:2     Depths (4/4) D:15            Zot (5/5) Depths:4
Ossuary (visited)           IceCv (visited)         Volcano (visited)
 WizLab (visited)         Desolation (visited)      Gauntlet (visited)

Altars:
Cheibriados
Kikubaaqudgha
Makhleb
Nemelex Xobeh
Okawaru
Qazlal
Sif Muna
Trog
Uskayaw
Vehumet
Wu Jian
Yredelemnul
Jiyva

Shops:
D:5 (   D:7 !(:[   D:9 (   D:10 (**[*   D:12 (   D:14 (   Orc:2 *[=(=
Elf:3 **   Snake:3 :[::   Snake:4 =:=   Vaults:3 [   Vaults:4 *
Vaults:5 *=[[?!!!???

Portals:
Hell: Depths:1 Depths:2 Depths:3 Depths:4
Abyss: Depths:3 Depths:4
Pandemonium: Depths:2
Ziggurat: Depths:2

Annotations:
D:3 Natasha
D:14 Roxanne
Swamp:1 2 transporters, Mll's ghost, journeyman MiBe
Snake:3 1 runed translucent door, crawlacc's ghost, journeyman MiFi
Vaults:1 4 runed translucent doors
Depths:4 exclusions: 2 draconian stormcallers and 2 more exclusions
Zot:5 exclusion: 3 upstairs

#####.#.####.........######.###..
......#.###.....#.....###.#......
#######.##.)...###.....##.##.....
........#.....#####.....#.##.....
.#######.....#.....#.......#.....
.# ##.....###...###............
.# ##.....#####.#####...........
.# ##.....#...........#.......###
'###.....###....@....###......#
..##....#####.......#####.....#
..##...#.....#.....#.....#....#
..##..###...###...###...###...#
..##.#####.#####.#####.#####..#
.###..........................#
.##.......................#...###
.##.#####################.#.###..
.......##...# #.#...#..


There were no monsters in sight!


Message History

The demonspawn warmonger claws you but does no damage.
You block the demonspawn warmonger's attack.
You slash the demonspawn warmonger!
You kill the demonspawn warmonger!
Your +7 falchion of Might {spect, rF++ Int-2, long} disappears. 😕 HP[+1]
You now have 217 max hp (+1).
No target in view!
What level of the Dungeon? (default 1, ? - help)
Things that are here:
a +0 robe; a +0 dagger {short} A great orb of eyes comes into view. 😎 HP[+8]
Your hp is fully restored (217).
The great orb of eyes gazes at you. You resist with almost no effort.
You see here a +0 halberd {polearm}.
Things that are here:
a +0 scale mail; a +0 spear of venom {polearm}
There is a stone staircase leading up, spattered with blood here.
You fly upwards.
There is a stone staircase leading down here.
Things that are here:
a +0 ring mail; 2 boomerangs {throwing}; a +0 hand axe {axe} What level of the Dungeon? (default 1, ? - help)
You see here a +0 hand axe {axe}.
There is a stone staircase leading up here.
You fly upwards.
There is a stone staircase leading down here.
There is a stone staircase leading up here.
You fly upwards.
There is a stone staircase leading down here.
An Orb Guardian comes into view.
You slash the Orb Guardian!
The Orb Guardian looks weaker.
You headbutt the Orb Guardian, but do no damage.
You tail-slap the Orb Guardian.
Your +7 falchion of Might {spect, rF++ Int-2, long} hits the Orb Guardian but does no damage.
The Orb Guardian barely misses you.
You hit the Orb Guardian but do no damage.
Your +7 falchion of Might {spect, rF++ Int-2, long} hits the Orb Guardian!
The Orb Guardian hits you but does no damage.
You completely miss the Orb Guardian.
You headbutt the Orb Guardian, but do no damage.
You tail-slap the Orb Guardian, but do no damage.
Your +7 falchion of Might {spect, rF++ Int-2, long} hits the Orb Guardian but does no damage.
You slice the Orb Guardian!!
The Orb Guardian is drained!
You headbutt the Orb Guardian, but do no damage.
You tail-slap the Orb Guardian!
Your +7 falchion of Might {spect, rF++ Int-2, long} hits the Orb Guardian.
You block the Orb Guardian's attack.
You hit the Orb Guardian.
You headbutt the Orb Guardian, but do no damage.
Your +7 falchion of Might {spect, rF++ Int-2, long} misses the Orb Guardian.
The Orb Guardian hits you. 😕 HP[-3]
You take 3 damage, and now have 214/217 hp.
You hit the Orb Guardian but do no damage.
You tail-slap the Orb Guardian, but do no damage.
Your +7 falchion of Might {spect, rF++ Int-2, long} hits the Orb Guardian but does no damage.
The Orb Guardian hits you but does no damage.
You hit the Orb Guardian but do no damage.
Your headbutt misses the Orb Guardian. You tail-slap the Orb Guardian.
You kill the Orb Guardian!
Your +7 falchion of Might {spect, rF++ Int-2, long} disappears. 😕 HP[+1]
You now have 219 max hp (+2).
No target in view!
No target in view!
No target in view!
What level of the Dungeon? (default 1, ? - help)
There is a stone staircase leading up here.
You fly upwards.
Level annotation: Natasha
There is a stone staircase leading down here.
There is a stone staircase leading up here.
You fly upwards.
There is a stone staircase leading down here.
A sixfirhy comes into view. 😎 HP[+4]
Your hp is fully restored (219).
The sixfirhy hits you but does no damage.
You slice the sixfirhy!! You headbutt the sixfirhy!
Your +7 falchion of Might {spect, rF++ Int-2, long} barely misses the sixfirhy.
You miss the sixfirhy. You headbutt the sixfirhy.
Your +7 falchion of Might {spect, rF++ Int-2, long} hits the sixfirhy!
You kill the sixfirhy!
No target in view!
No target in view!
No target in view!
No target in view!
No target in view!
No target in view!
Your +7 falchion of Might {spect, rF++ Int-2, long} disappears.
You see here 6 stones {throwing}.
What level of the Dungeon? (default 1, ? - help)
There is a stone staircase leading up here.
You fly upwards.
There is a stone staircase leading down here.
There is a staircase leading out of the dungeon here.
You have escaped!

Skill      XL: |  1  2  3  4  5  6  7  8  9 10 11 12 13 14 15 16 17 18 19 20 21 22 23 24 |
---------------+-------------------------------------------------------------------------+-----
Short Blades   | 3 4 5 6 7 9 |  9.4
Fighting       | 4 5 7 9 10 12 14 15 19 21 22 24 | 24.8
Invocations    | 5 6 12 13 14 16 22 24 27 | 27.0
Long Blades    | 8 12 | 12.7
Dodging        | 6 8 9 11 13 14 15 16 | 16.0
Shields        | 6 8 10 11 13 16 17 | 17.0
Armour         | 4 8 10 14 16 | 16.0
Stealth        | 6 12 | 12.0
Spellcasting   | 4 |  4.6

Action                     |  1- 3 |  4- 6 |  7- 9 | 10-12 | 13-15 | 16-18 | 19-21 | 22-24 | 25-27 || total
---------------------------+-------+-------+-------+-------+-------+-------+-------+-------+-------++-------
  Melee: Short sword       |    71 |    58 |       |       |       |       |       |       |       ||   129
         Punch             |     2 |     3 |     4 |     4 |       |       |       |       |       ||    13
         Dagger            |       |   135 |   297 |       |       |       |       |       |       ||   432
         Tailslap          |       |       |    55 |    71 |   261 |   232 |   434 |   504 |    25 ||  1582
         Falchion          |       |       |    11 |   550 |  1204 |   904 |       |    11 |    34 ||  2714
         Headbutt          |       |       |       |       |    73 |   312 |   585 |   732 |    45 ||  1747
         Demon blade       |       |       |       |       |       |   178 |  1663 |  1832 |    61 ||  3734
  Throw: Dart              |     1 |       |       |       |       |       |       |       |       ||     1
 Invoke: Draw Destruction  |       |     1 |    12 |    10 |    19 |    20 |    10 |    13 |       ||    85
         Draw Summoning    |       |       |     2 |     7 |    15 |    25 |    15 |    12 |     3 ||    79
         Draw Escape       |       |       |       |       |       |     3 |       |       |       ||     3
         Stack Five        |       |       |       |       |       |     1 |       |       |       ||     1
         Draw Stack        |       |       |       |       |       |     1 |       |       |       ||     1
         Triple Draw       |       |       |       |       |       |     1 |       |       |       ||     1
         Deal Four         |       |       |       |       |       |       |     1 |       |       ||     1
  Evoke: Wand              |     2 |     1 |     3 |       |     2 |       |       |     8 |       ||    16
         Condenser vane    |       |       |       |       |     1 |       |     2 |     2 |       ||     5
         Phial of floods   |       |       |       |       |       |       |       |     1 |       ||     1
    Use: Scroll            |     5 |     6 |     5 |     8 |     7 |    17 |    15 |    18 |     1 ||    82
         Potion            |       |       |       |     1 |     3 |     1 |     3 |    15 |     7 ||    30
   Stab: Sleeping          |     9 |    11 |     5 |     3 |    10 |    47 |    86 |    36 |       ||   207
         Distracted        |       |     2 |       |     6 |    20 |    46 |    12 |    13 |     3 ||   102
         Petrified         |       |       |       |     2 |     5 |       |     2 |       |     2 ||    11
         Petrifying        |       |       |       |       |     1 |       |     3 |     2 |     1 ||     7
         Confused          |       |       |       |       |     1 |       |     1 |       |       ||     2
         Fleeing           |       |       |       |       |       |     2 |       |       |       ||     2
         Invisible         |       |       |       |       |       |       |       |     2 |       ||     2
 Armour: Leather armour    |    34 |    68 |   122 |       |    43 |       |       |       |       ||   267
         Steam dragon scal |       |       |    55 |   513 |       |       |       |       |       ||   568
         Ring mail         |       |       |       |       |   433 |   394 |   655 |    45 |       ||  1527
         Storm dragon scal |       |       |       |       |       |       |       |   948 |    65 ||  1013
  Dodge: Dodged            |    44 |    76 |   154 |   473 |   366 |   475 |  1038 |   719 |    34 ||  3379
  Block: Buckler           |       |       |       |    16 |    14 |       |       |       |       ||    30
         Kite shield       |       |       |       |       |   562 |   607 |  1241 |  1262 |    55 ||  3727
         Reflection        |       |       |       |       |       |    37 |    52 |    32 |       ||   121

Levels and vault maps discovered:
D:1:      onia_arrival_pyramid, layout_basic, minmay_tree_intersection
D:2:      layout_rooms
D:3:      layout_basic, minmay_misc_feat_secret_circle, minivault_23,
          uniq_natasha
D:4:      layout_rooms, nicolae_sif_muna_little_library, minmay_box_of_dots
D:5:      layout_cave_pods, nemelex_diamond_rough_becter,
          gammafunk_temple_overflow_statue, minmay_temple_entry_hall,
          serial_shops, nicolae_shop_trees
D:6:      layout_basic, kennysheep_another_room
D:7:      layout_cave_pools, serial_shops, shop, shop,
          nicolae_shop_back_alley_shop, kennysheep_little_box
D:8:      due_megacathedral, layout_rooms, okawaru_trees_1,
          chequers_ossuary_entry_cave, chequers_serial_rivers_small_a,
          minmay_unpleasant_kobolds, uniq_grum
D:9:      layout_roguey, mainiacjoe_overflow_brackets, serial_shops,
          nicolae_stop_n_shop_2, uniq_amaemon, uniq_prince_ribbit1
D:10:     layout_roguey, tso_altar, serial_shops, shop, shop, shop, shop, shop,
          uniq_harold
D:11:     layout_small_grid, david_lair_generic, orc_0_dummy
D:12:     layout_loops_ring, serial_shops, shop, minmay_shattered_shrine,
          uniq_azrael
D:13:     layout_long_grid, erik_vaults_1
D:14:     layout_irregular_city, nicolae_uskayaw_suspiria, serial_shops, shop,
          kennysheep_big_empty_room, uniq_roxanne
D:15:     grunt_enter_depths_magical_seal, layout_irregular_city,
          nicolae_figureground_sparkle, enter_trove_6
Lair:1:   beast_lair_carwin_large_2, layout_cave_pods,
          portal_ice_cave_entry_ice_simulacra, uniq_erica
Lair:2:   layout_chaotic_city, minmay_snake_entry_six_corridors,
          enter_volcano_1, grunt_megastairs_5, infiniplex_staircase_pool_2
Lair:3:   layout_cave_pods, alex1729_swamp_entry_worm_eleionoma
Lair:4:   layout_loops_ring, slime_entry_1, gauntlet_entry_generic,
          minmay_holes, beast_lair_carwin_11, lemuel_fruit_fields,
          lemuel_fruit_tree
Lair:5:   gammafunk_lair_ancient_temple, layout_gridlike,
          cheibrodos_lair_lostbears
Swamp:1:  layout_basic_swamp, gammafunk_ghost_wrathful_warriors,
          evilmike_swamp_ruin_house_1, swamp_pool_3, nicolae_swamp_some_circles
Swamp:2:  layout_basic_swamp, hellmonk_ghost_happy_afterlife,
          evilmike_swamp_ruin_house_6
Swamp:3:  layout_basic_swamp, serial_swamp_ruin, evilmike_swamp_ruin_house_2,
          evilmike_swamp_ruin_house_3, evilmike_swamp_ruin_rubble_1,
          swamp_pool_1_2
Swamp:4:  swamp_old_school, layout_basic_swamp
Snake:1:  layout_chambers, nicolae_snake_ghostly_warrior_ritual,
          grunt_megastairs_4, uniq_louise
Snake:2:  layout_cave_town
Snake:3:  layout_misc_corridors, gammafunk_ghost_grave, serial_bayou_shore_a,
          minmay_shoptagon, serial_bayou_shore_b
Snake:4:  johnstein_snake_rune_scales, layout_chambers,
          nicolae_snake_dead_anacondas, minmay_shop_grove, uniq_asterion
Orc:1:    layout_caves
Orc:2:    st_orc_mages, layout_diamond_mine, serial_shops, nicolae_shop_crystal
Elf:1:    layout_gridlike, minmay_elf_annihilation
Elf:2:    nicolae_elf_blades_crystal_corner, layout_loops_corners, uniq_agnes
Elf:3:    grunt_elf_hall_branching, layout_onion_city, serial_shops, shop, shop
Vaults:1: advil_vaults_ghost_lines, nicolae_vaults_trapezoid_2,
          nicolae_vaults_trapezoid_lopsided_3, vaults_dpeg_ring,
          nicolae_vaults_wrenched, nicolae_vaults_trapezoid_lopsided_3,
          vaults_room_ringed_pool, grunt_vaults_funneled_arena,
          hangedman_vaults_cutoff, dpeg_vaults_monster_row,
          nicolae_vaults_trapezoid_1, layout_vaults_maze_snakey
Vaults:2: minmay_crypt_entry_nasty_monster, nicolae_vaults_bisected_slash,
          nicolae_vaults_big_ls, ontoclasm_vaults_shout,
          nicolae_vaults_closet_pinwheel_5, nicolae_vaults_closet_pinwheel_3,
          nicolae_vaults_weapon_check, nicolae_vaults_closet_pinwheel_5,
          vaults_mumra_minichess_inversion, grunt_vaults_diagonal,
          layout_vaults_big_room, uniq_bai_suzhen, uniq_donald
Vaults:3: ontoclasm_vaults_ring_small, nicolae_vaults_door_testing_chamber,
          vaults_room_glass_cross, nicolae_vaults_layer_cake_slice, v_rooms_5,
          nicolae_vaults_taking_the_gang_shopping, hangedman_vaults_trim,
          ontoclasm_vaults_twist, hangedman_vaults_capsules,
          nicolae_vaults_closet_pinwheel_5, vaults_dpeg_encased_lava,
          vaults_room_grid, nicolae_vaults_tetromino_T_1, v_misc_19,
          nicolae_vaults_little_ls, nicolae_vaults_rhombus_5,
          layout_vaults_omnicross, serial_shops
Vaults:4: portal_desolation_entry_garden, vaults_room_door_hall, v_misc_5,
          nicolae_vaults_house_2, st_cross, nicolae_vaults_storage_closets_2,
          nicolae_vaults_twisting_passages, ontoclasm_vaults_ring_square,
          ontoclasm_vaults_idyll, ontoclasm_vaults_idyll, v_misc_29,
          nicolae_vaults_surprise_closet, nicolae_vaults_double_plus_1,
          layout_vaults_omnibox, serial_shops, shop
Vaults:5: serial_shops
Depths:1: layout_cave_shapes, pf_hell_entry_tar_spiral,
          chequers_serial_rivers_room_a, mu_enter_wizlab_5, grunt_decor_cap,
          nicolae_qazlal_style_of_elements, roderic_lattice_octagonal_star
Depths:2: cheibrodos_witchhunters_guild, layout_basic, enter_ziggurat_f,
          grunt_pan_entry_in_and_out, hell_entry
Depths:3: hangedman_stitches_corridor, layout_cave_shapes, abyss_entry,
          hell_entry
Depths:4: evilmike_zot_entry_argh, layout_gridlike, abyss_entry, bloody_trog,
          hell_entry, chequers_serial_rivers_micro_a, makhleb_altar_promises_db,
          uniq_mennas
Zot:1:    layout_basic, grunt_ministairs_14
Zot:2:    layout_concentric_octagons, skrybe_zot_glass_1,
          hangedman_zot_wheel_spokes
Zot:3:    layout_misc_corridors
Zot:4:    gammafunk_sealed_arena, layout_basic, guppyfry_library_mini
Zot:5:    layout_basic

Notes
Turn   | Place    | Note
-------+----------+-------------------------------------------
     0 | D:5      | MackTheKnife the Demonspawn Delver began the quest for the
                  | Orb.
     0 | D:5      | Reached XP level 1. HP: 18/18 MP: 1/1
     0 | D:5      | magus.rc [v1.9.6]
     0 | D:5      | Found a sparkling altar of Nemelex Xobeh.
    13 | D:5      | Became a worshipper of Nemelex Xobeh the Trickster
   121 | D:4      | Noticed a hound
   137 | D:4      | Reached skill level 2 in Short Blades
   178 | D:4      | Noticed an ogre
   186 | D:4      | Killed a hound
   187 | D:4      | Reached skill level 3 in Short Blades
   187 | D:4      | Gained mutation: You regenerate magic rapidly. [demonic
                  | ancestry]
   187 | D:4      | Reached XP level 2. HP: 24/24 MP: 2/2
   187 | D:4      | Reached XP level 3. HP: 29/29 MP: 3/3
   297 | D:4      | Found a shimmering blue altar of Sif Muna.
   692 | D:1      | Reached * piety under Nemelex Xobeh
  1005 | D:1      | Received a gift from Nemelex Xobeh
  1127 | D:1      | Reached XP level 4. HP: 33/35 MP: 4/4
  1169 | D:1      | Reached skill level 4 in Short Blades
  1972 | D:2      | Identified the +4 dagger "Feezeqe" {flame, rN+ Will+ Str-4
                  | Dex+3}
  2322 | D:3      | Reached XP level 5. HP: 33/41 MP: 5/5
  2425 | D:3      | Reached ** piety under Nemelex Xobeh
  2717 | D:3      | Noticed Natasha
  2757 | D:3      | Killed Natasha
  2775 | D:3      | Reached skill level 4 in Fighting
  2775 | D:3      | Reached skill level 5 in Short Blades
  2780 | D:3      | HP: 10/42 [/a scroll of torment (6)]
  2825 | D:3      | Noticed Natasha
  2987 | D:4      | Gained mutation: You are partially covered in icy blue
                  | scales. (AC +2) [demonic ancestry]
  2987 | D:4      | Reached XP level 6. HP: 48/48 MP: 6/6
  3131 | D:4      | Reached skill level 1 in Invocations
  3134 | D:4      | Reached skill level 2 in Invocations
  3216 | D:4      | You pick up a book of Minor Magic and begin reading...
  3216 | D:4      | You add the spells Magic Dart, Call Imp and Mephitic Cloud
                  | to your library.
  3237 | D:4      | Reached skill level 3 in Invocations
  3367 | D:5      | Reached skill level 4 in Invocations
  3482 | D:5      | Reached skill level 5 in Invocations
  3482 | D:5      | Gained mutation: When hurt, damage is shared between your
                  | health and your magic reserves. [demonic ancestry]
  3482 | D:5      | Reached XP level 7. HP: 52/55 MP: 10/10
  3747 | D:5      | Reached skill level 6 in Invocations
  3865 | D:5      | Reached skill level 5 in Fighting
  3941 | D:5      | Found a staircase to the Ecumenical Temple.
  4086 | D:5      | Found Lirir's Weapon Boutique.
  4159 | D:5      | Received a gift from Nemelex Xobeh
  4400 | D:5      | Found a radiant altar of Vehumet.
  4401 | D:5      | Found an ornate altar of the Wu Jian Council.
  4524 | D:6      | Reached skill level 6 in Short Blades
  4524 | D:6      | Gained mutation: You have a small tail. [demonic ancestry]
  4524 | D:6      | Reached XP level 8. HP: 63/63 MP: 12/12
  4682 | D:6      | Reached *** piety under Nemelex Xobeh
  4999 | D:6      | Reached skill level 6 in Fighting
  5147 | D:6      | You pick up a book of the Hunter and begin reading...
  5147 | D:6      | You add the spells Sigil of Binding, Call Canine Familiar,
                  | Dimensional Bullseye and Leda's Liquefaction to your
                  | library.
  5172 | D:6      | Reached skill level 7 in Fighting
  5172 | D:6      | Reached skill level 7 in Short Blades
  5697 | D:7      | Gained mutation: You sometimes gain a little power by
                  | taking damage. [demonic ancestry]
  5697 | D:7      | Reached XP level 9. HP: 62/73 MP: 10/13
  5933 | D:7      | Reached skill level 8 in Fighting
  5933 | D:7      | Reached skill level 8 in Short Blades
  6296 | D:7      | You pick up a book of Conjurations {@e2} and begin
                  | reading...
  6296 | D:7      | You add the spells Searing Ray and Fulminant Prism to your
                  | library.
  6310 | D:7      | You pick up a book of the Warp and begin reading...
  6310 | D:7      | You add the spells Manifold Assault, Dispersal and
                  | Disjunction to your library.
  6403 | D:7      | Found Ziojits's Antique Armour Emporium.
  6409 | D:7      | Bought a pair of gloves for 94 gold pieces
  6439 | D:7      | You pick up a book of Party Tricks and begin reading...
  6439 | D:7      | You add the spells Apportation, Jinxbite and Alistair's
                  | Intoxication to your library.
  6454 | D:7      | Found Bumadiff's Distillery.
  6462 | D:7      | Bought a potion of ambrosia for 112 gold pieces
  6508 | D:7      | Found Gudecov's Antique Weapon Boutique.
  6607 | D:7      | Reached **** piety under Nemelex Xobeh
  6643 | D:7      | Received a gift from Nemelex Xobeh
  6653 | D:7      | Found Laimom's Book Boutique.
  6746 | D:8      | Reached skill level 9 in Fighting
  6747 | D:8      | Reached skill level 9 in Short Blades
  6799 | D:8      | You pick up a book of Beasts and begin reading...
  6799 | D:8      | You add the spells Summon Ice Beast, Summon Mana Viper and
                  | Monstrous Menagerie to your library.
  6877 | D:8      | Found a sand-covered staircase.
  6905 | Ossuary  | Entered an ossuary
  7204 | D:7      | Bought an ichor-stained falchion for 176 gold pieces
  7204 | D:7      | Identified the +7 falchion of Might {spect, rF++ Int-2}
                  | (You bought it in a shop on level 7 of the Dungeon)
  7394 | D:8      | Noticed Grum
  7406 | D:8      | Reached XP level 10. HP: 65/85 MP: 11/14
  7411 | D:8      | Reached skill level 1 in Long Blades
  7419 | D:8      | Killed Grum
  7420 | D:8      | Reached skill level 10 in Fighting
  7578 | D:8      | Reached skill level 2 in Long Blades
  7712 | D:8      | Found an iron altar of Okawaru.
  7785 | D:8      | Found a basalt altar of Yredelemnul.
  7789 | D:8      | Reached skill level 3 in Long Blades
  7854 | D:8      | Found a runed translucent door.
  7861 | D:8      | Found an ancient bone altar of Kikubaaqudgha.
  7861 | D:8      | Received a gift from Nemelex Xobeh
  7868 | D:8      | Reached skill level 4 in Long Blades
  7885 | D:8      | Found a bloodstained altar of Trog.
  7913 | D:8      | Reached skill level 5 in Long Blades
  8039 | D:8      | Reached skill level 6 in Long Blades
  8112 | D:8      | Found an ancient bone altar of Kikubaaqudgha.
  8178 | D:8      | Reached skill level 7 in Long Blades
  8292 | D:8      | Found a shimmering blue altar of Sif Muna.
  8352 | D:8      | Found a snail-covered altar of Cheibriados.
  8386 | D:8      | Reached skill level 8 in Long Blades
  8394 | D:8      | Reached XP level 11. HP: 90/90 MP: 15/15
  8643 | D:8      | Noticed a flayed ghost
  8654 | D:8      | Killed a flayed ghost
  8655 | D:8      | Reached skill level 9 in Long Blades
  8659 | D:8      | Identified the +3 ring mail "Dyonlu" {Int+4}
  8723 | D:9      | Noticed Prince Ribbit
  8723 | D:9      | Noticed a two-headed ogre
  8725 | D:9      | Killed Prince Ribbit
  8732 | D:9      | Killed a two-headed ogre
  8923 | D:9      | Noticed Amaemon
  8958 | D:9      | Found Daguhuor's Antique Weapon Shoppe.
  9100 | D:9      | Found a bloodstained altar of Trog.
  9303 | D:9      | Received a gift from Nemelex Xobeh
  9402 | D:10     | Entered Level 10 of the Dungeon
  9402 | D:10     | Found Woxy's General Store.
  9449 | D:10     | Found Puanug's General Store.
  9523 | D:10     | Found Plog's Weapon Shoppe.
  9533 | D:10     | Identified the +2 chain mail of Moann {-Tele rElec rN+++
                  | Will+}
  9552 | D:10     | Reached skill level 10 in Long Blades
  9633 | D:10     | Noticed Harold
  9647 | D:10     | Killed Harold
  9785 | D:10     | Found Duhav's Antique Armour Emporium.
 10049 | D:10     | Reached skill level 11 in Long Blades
 10081 | D:10     | Found Geulit's Assorted Antiques.
 10088 | D:10     | Bought a scroll labelled ROSTAP BAHIUL for 26 gold pieces
 10088 | D:10     | Bought a scroll labelled YRAMIC OWYU for 26 gold pieces
 10156 | D:10     | Reached ***** piety under Nemelex Xobeh
 10498 | D:11     | Found a staircase to the Lair.
 10511 | D:11     | Noticed a soul eater
 10706 | D:11     | Reached skill level 12 in Long Blades
 10837 | D:11     | You pick up a book of Blasting and begin reading...
 10837 | D:11     | You add the spells Volatile Blastmotes and Iskenderun's
                  | Mystic Blast to your library.
 10852 | D:11     | Received a gift from Nemelex Xobeh
 10896 | D:11     | Noticed a two-headed ogre
 10907 | D:11     | Killed a two-headed ogre
 10908 | D:11     | Gained mutation: When low on magic, you restore magic in
                  | place of health. [demonic ancestry]
 10908 | D:11     | Reached XP level 12. HP: 65/97 MP: 14/16
 11355 | D:11     | Found a staircase to the Orcish Mines.
 11675 | Orc:1    | Entered Level 1 of the Orcish Mines
 11723 | Orc:1    | Received a gift from Nemelex Xobeh
 11753 | Orc:1    | Reached skill level 2 in Dodging
 11753 | Orc:1    | Reached skill level 1 in Shields
 12133 | Orc:2    | Entered Level 2 of the Orcish Mines
 12159 | Orc:2    | Reached skill level 2 in Shields
 12187 | Orc:2    | Found a staircase to the Elven Halls.
 12203 | Orc:2    | Reached skill level 3 in Dodging
 12283 | Orc:2    | Found Noyfigio's Jewellery Boutique.
 12312 | Orc:2    | Identified the +5 executioner's axe "Laas" {drain, rCorr
                  | Str+5 Dex-3}
 12332 | Orc:2    | Noticed an orc high priest
 12333 | Orc:2    | Noticed an orc high priest
 12336 | Orc:2    | Killed an orc high priest
 12337 | Orc:2    | Reached skill level 3 in Shields
 12343 | Orc:2    | Killed an orc high priest
 12344 | Orc:2    | Reached skill level 4 in Dodging
 12611 | Orc:2    | Noticed an orc high priest
 12623 | Orc:2    | Killed an orc high priest
 12624 | Orc:2    | Reached skill level 4 in Shields
 12741 | D:10     | Bought a potion of experience for 650 gold pieces
 12741 | D:10     | Reached skill level 6 in Dodging
 12741 | D:10     | Reached skill level 6 in Shields
 12741 | D:10     | Reached XP level 13. HP: 103/103 MP: 17/17
 12806 | Lair:1   | Entered Level 1 of the Lair of Beasts
 12825 | Lair:1   | Found a frozen archway.
 12855 | IceCv    | Entered an ice cave
 12869 | IceCv    | Reached skill level 7 in Dodging
 12964 | IceCv    | Reached skill level 7 in Shields
 13499 | IceCv    | Noticed a frost giant
 13510 | IceCv    | Killed a frost giant
 13511 | IceCv    | Reached skill level 8 in Dodging
 13616 | IceCv    | Reached skill level 8 in Shields
 13680 | IceCv    | Received a gift from Nemelex Xobeh
 13726 | IceCv    | Reached XP level 14. HP: 76/110 MP: 18/18
 13845 | IceCv    | Reached skill level 9 in Shields
 14507 | Lair:1   | Received a gift from Nemelex Xobeh
 14624 | Lair:1   | Noticed Erica
 14637 | Lair:1   | Killed Erica
 14638 | Lair:1   | Reached skill level 10 in Shields
 14800 | Lair:1   | You are sucked into a shaft and drop 1 floor!
 14800 | Lair:2   | Received a gift from Nemelex Xobeh
 14818 | Lair:2   | Reached skill level 1 in Armour
 14910 | Lair:2   | Found a dark tunnel.
 14915 | Volcano  | Entered a volcano
 14990 | Volcano  | Reached skill level 2 in Armour
 14990 | Volcano  | Reached skill level 7 in Invocations
 15221 | Volcano  | Reached skill level 3 in Armour
 15434 | Lair:2   | Reached skill level 8 in Invocations
 15489 | Lair:2   | Reached skill level 4 in Armour
 15595 | Lair:2   | Reached skill level 9 in Invocations
 16144 | Lair:2   | Reached skill level 10 in Invocations
 16166 | Lair:2   | Found a staircase to the Snake Pit.
 16403 | Lair:2   | Received a gift from Nemelex Xobeh
 16426 | Lair:2   | You pick up a book of the Wilderness and begin reading...
 16426 | Lair:2   | You add the spells Summon Forest and Summon Cactus Giant to
                  | your library.
 16479 | Lair:2   | You pick up a book of Burglary and begin reading...
 16479 | Lair:2   | You add the spells Passwall, Ensorcelled Hibernation and
                  | Swiftness to your library.
 16844 | Lair:3   | Found a staircase to the Swamp.
 16916 | Lair:3   | Reached skill level 11 in Invocations
 17156 | Lair:3   | You pick up a book of the Wilderness and begin reading...
 17178 | Lair:3   | Received a gift from Nemelex Xobeh
 17466 | Lair:3   | Reached ****** piety under Nemelex Xobeh
 17474 | Lair:3   | Reached skill level 12 in Invocations
 17905 | Lair:4   | Found a gate leading to a gauntlet.
 17910 | Lair:4   | Received a gift from Nemelex Xobeh
 17927 | Gauntlet | Entered a Gauntlet
 17927 | Gauntlet | Found a transporter.
 17927 | Gauntlet | Found a transporter.
 17938 | Gauntlet | Found a transporter.
 17938 | Gauntlet | Found a transporter.
 17949 | Gauntlet | Found the +2 pair of slick slippers {slick, slippery, EV+4}
 17950 | Gauntlet | Found a transporter.
 17958 | Gauntlet | Found a transporter.
 17958 | Gauntlet | Found a transporter.
 17961 | Gauntlet | Found a transporter.
 17969 | Gauntlet | Found a transporter.
 17975 | Gauntlet | Found a transporter.
 18067 | Gauntlet | Found a transporter.
 18076 | Gauntlet | Found a transporter.
 18092 | Gauntlet | Found a transporter.
 18177 | Gauntlet | Found a transporter.
 18193 | Gauntlet | Found a transporter.
 18195 | Gauntlet | Noticed a quicksilver ooze
 18210 | Gauntlet | Found a transporter.
 18520 | Gauntlet | Identified +0 gold dragon scales
 18520 | Gauntlet | Identified the ring of Doso Xey {rC+ rN+ Will+}
 18585 | Gauntlet | Identified the +6 scale mail of the Six Conjuring Orbs
                  | {Drain rN++ SInv Stlth+}
 18608 | Gauntlet | Identified the +0 leather armour of Day {-Tele rN+ Will+++}
 18609 | Gauntlet | You add the spells Ignite Poison, Yara's Violent
                  | Unravelling, Eringya's Noxious Bog and Enfeeble to your
                  | library.
 18609 | Gauntlet | Got the Directory of the Shishi
 18660 | Lair:4   | You add the spells Sting, Poisonous Vapours and Olgreb's
                  | Toxic Radiance to your library.
 18866 | Lair:4   | Reached skill level 9 in Dodging
 18907 | Lair:4   | Gained mutation: You have a tail ending in a sharp stinger.
                  | [demonic ancestry]
 18907 | Lair:4   | Reached XP level 15. HP: 117/117 MP: 24/24
 18926 | Lair:4   | Reached skill level 11 in Fighting
 19139 | Lair:4   | Identified a scroll of acquirement
 19140 | Lair:4   | Acquired the ring "Geuloq" {rElec Str+6}
 19334 | Lair:4   | Found a viscous altar of Jiyva.
 19336 | Lair:4   | Found a staircase to the Slime Pits.
 19553 | Lair:5   | Entered Level 5 of the Lair of Beasts
 19553 | Lair:5   | Received a gift from Nemelex Xobeh
 19810 | Lair:5   | Reached skill level 10 in Dodging
 19819 | Lair:5   | Reached skill level 12 in Fighting
 20028 | Lair:5   | Received a gift from Nemelex Xobeh
 20104 | Lair:5   | You pick up a book of Scorching and begin reading...
 20104 | Lair:5   | You add the spells Scorch and Flame Wave to your library.
 20518 | Lair:5   | Reached skill level 11 in Dodging
 20518 | Lair:5   | Reached skill level 11 in Shields
 20535 | Lair:5   | Gained mutation: You are strong-willed. (Will+) [potion of
                  | mutation]
 20535 | Lair:5   | Gained mutation: You have a pair of small horns on your
                  | head. [potion of mutation]
 20549 | Lair:5   | Received a gift from Nemelex Xobeh
 21185 | Orc:1    | Received a gift from Nemelex Xobeh
 21287 | Orc:2    | Found Qublok's Antique Weapon Emporium.
 21287 | Orc:2    | Found Uwiehuf's Jewellery Emporium.
 21292 | Orc:2    | Found Kunutu's Antique Armour Shoppe.
 21292 | Orc:2    | Found Zanuhoga's Assorted Antiques.
 21314 | Orc:2    | Bought the ring "Neubothi" {Fly rPois AC+4 Int+2} for 749
                  | gold pieces
 21741 | D:12     | Noticed Azrael
 21752 | D:12     | Killed Azrael
 21884 | D:12     | Received a gift from Nemelex Xobeh
 21885 | D:12     | Found Pit Nica's Weapon Shoppe.
 22220 | D:12     | Identified the +9 orcbow "Lirihef" {freeze, Str+4}
 22253 | D:12     | Received a gift from Nemelex Xobeh
 22741 | D:13     | Reached XP level 16. HP: 99/127 MP: 25/25
 22804 | D:13     | You pick up a book of Party Tricks and begin reading...
 22902 | D:13     | Received a gift from Nemelex Xobeh
 22902 | D:13     | Identified the +2 cloak "Huagefiz" {Dex+2}
 22908 | D:13     | Found a gate to the Vaults.
 23214 | D:13     | Reached skill level 12 in Dodging
 23214 | D:13     | Reached skill level 12 in Shields
 23571 | D:14     | Acquired 901 gold pieces
 23720 | Orc:2    | Bought a fine rapier for 225 gold pieces
 23720 | Orc:2    | Identified the +11 rapier of Awkwardness {antimagic, *Noise
                  | Int+9 Stlth-} (You bought it in a shop on level 2 of the
                  | Orcish Mines)
 23723 | Orc:2    | Bought a runed demon blade for 630 gold pieces
 23853 | D:9      | Killed Amaemon
 24167 | D:14     | Identified the -2 quarterstaff of Precise Incision {heavy,
                  | rCorr MP-9 Int+4 Dex+2}
 24245 | D:14     | Received a gift from Nemelex Xobeh
 24316 | D:14     | Found Utaquzi's Weapon Emporium.
 24419 | D:14     | Found a hide-covered altar of Uskayaw.
 24446 | D:14     | Received a gift from Nemelex Xobeh
 24532 | D:14     | Noticed Roxanne
 24959 | D:14     | Received a gift from Nemelex Xobeh
 25034 | D:15     | Entered Level 15 of the Dungeon
 25346 | D:15     | Found a staircase to the Depths.
 25460 | D:15     | Received a gift from Nemelex Xobeh
 25542 | D:15     | Reached skill level 13 in Shields
 25549 | D:15     | Reached skill level 13 in Dodging
 25840 | D:15     | Found a portal to a secret trove of treasure.
 25843 | D:15     | You paid a toll of 8 potions of haste to enter a treasure
                  | trove
 25844 | Trove    | Entered a treasure trove
 25868 | Trove    | Found the +2 hood of the Assassin {Detect Stab+ Stlth++}
 25871 | Trove    | Identified the ring "Zewn" {rC+ rCorr EV+5 SInv Stlth+}
 25875 | Trove    | Identified the +0 pair of boots of Votrih {Int+4 SInv
                  | Stlth+}
 25876 | Trove    | Identified a +2 crystal plate armour
 25887 | Trove    | B - a +2 crystal plate armour {rare=g}
 25888 | Trove    | You drop a +2 crystal plate armour {rare=g}.
 25890 | Trove    | Identified the +10 battleaxe "Xomposk" {elec, Fragile rPois
                  | rCorr SInv}
 25910 | Trove    | Identified the +0 ring mail "Qeocsiwa" {rElec rC+++ rN++
                  | Will-}
 25913 | Trove    | Identified the amulet "Seclafru" {Faith Slay+5 SInv}
 26035 | D:15     | Received a gift from Nemelex Xobeh
 26217 | Lair:1   | Upgraded the game from 0.31-a0-1144-g99969ba1bc to
                  | 0.31-a0-1154-gadca813884
 26217 | Lair:1   | magus.rc [v1.9.6]
 26265 | Snake:1  | Entered Level 1 of the Snake Pit
 26438 | Snake:1  | Reached skill level 5 in Stealth
 26613 | Snake:1  | Received a gift from Nemelex Xobeh
 26617 | Snake:1  | You pick up a book of Air and begin reading...
 26617 | Snake:1  | You add the spells Shock and Airstrike to your library.
 26777 | Snake:1  | HP: 31/127 [naga warrior/+0 glaive (6)]
 26987 | Snake:1  | Received a gift from Nemelex Xobeh
 27131 | Snake:1  | Noticed Louise
 27148 | Snake:1  | Killed Louise
 27236 | Snake:1  | Received a gift from Nemelex Xobeh
 27253 | Snake:1  | Identified the +6 dagger "Leviticus" {heavy, rC+ Will++
                  | Str-3 Int+3}
 27337 | Snake:1  | Reached skill level 6 in Stealth
 27493 | Snake:1  | Reached skill level 13 in Invocations
 27985 | Snake:2  | Received a gift from Nemelex Xobeh
 28348 | Snake:2  | Gained mutation: You have a sharp stinger which inflicts
                  | weakening toxins. [demonic ancestry]
 28348 | Snake:2  | Reached XP level 17. HP: 135/135 MP: 27/27
 28570 | Snake:2  | Received a gift from Nemelex Xobeh
 28574 | Snake:2  | You pick up a book of Lightning and begin reading...
 28574 | Snake:2  | You add the spells Vhi's Electric Charge, Arcjolt and
                  | Plasma Beam to your library.
 28812 | Snake:3  | Reached skill level 13 in Fighting
 28813 | Snake:3  | Reached skill level 7 in Stealth
 29288 | Snake:3  | Reached skill level 14 in Invocations
 29558 | Snake:3  | Found Itysk's Armour Shoppe.
 29559 | Snake:3  | Found Moinaxoi's Book Emporium.
 29559 | Snake:3  | Found Vivimurgh's Book Shoppe.
 29564 | Snake:3  | Found Siguoh's Book Emporium.
 29580 | Snake:3  | Bought a book of Alchemy for 392 gold pieces
 29580 | Snake:3  | You pick up a book of Alchemy and begin reading...
 29580 | Snake:3  | You add the spells Sublimation of Blood, Petrify and
                  | Irradiate to your library.
 29753 | Snake:3  | Found a runed translucent door.
 29753 | Snake:3  | Noticed crawlacc's ghost (journeyman MiFi)
 29844 | Snake:3  | Received a gift from Nemelex Xobeh
 30042 | Snake:4  | Entered Level 4 of the Snake Pit
 30074 | Snake:4  | Reached skill level 8 in Stealth
 30360 | Snake:4  | Received a gift from Nemelex Xobeh
 30623 | Snake:4  | Reached skill level 14 in Fighting
 30681 | Snake:4  | Reached skill level 9 in Stealth
 30756 | Snake:4  | Noticed Vashnia
 30778 | Snake:4  | Identified the -1 trident "Dragon's Death" {vamp, Drain
                  | Str+6}
 30880 | Snake:4  | Killed Vashnia
 30881 | Snake:4  | Reached skill level 10 in Stealth
 31194 | Snake:4  | Reached skill level 11 in Stealth
 31464 | Snake:4  | Got a serpentine rune of Zot
 31474 | Snake:4  | You pick up a book of the Dragon and begin reading...
 31474 | Snake:4  | You add the spells Cause Fear, Fireball and Dragon's Call
                  | to your library.
 31638 | Snake:4  | Received a gift from Nemelex Xobeh
 31648 | Snake:4  | Noticed Asterion
 31665 | Snake:4  | HP: 28/139 [blizzard demon/the air[Asterion] (16)]
 31668 | Snake:4  | Killed Asterion
 32024 | Snake:4  | Found Duapeawn's Jewellery Emporium.
 32060 | Snake:4  | Found Nivvamp's Book Boutique.
 32061 | Snake:4  | Found Loocenic's Jewellery Emporium.
 32073 | Snake:4  | Bought a manual of Shields for 1440 gold pieces
 32525 | Elf:1    | Entered Level 1 of the Elven Halls
 32545 | Elf:1    | Reached skill level 12 in Stealth
 32575 | Elf:1    | Received a gift from Nemelex Xobeh
 32913 | Elf:1    | Gained mutation: You are mostly covered in icy blue scales.
                  | (AC +3) [demonic ancestry]
 32913 | Elf:1    | Reached XP level 18. HP: 146/146 MP: 28/28
 32930 | Elf:1    | Reached skill level 14 in Shields
 33109 | Elf:1    | Received a gift from Nemelex Xobeh
 33239 | Elf:1    | Reached skill level 15 in Shields
 33473 | Elf:1    | You add the spells Static Discharge and Hailstorm to your
                  | library.
 33473 | Elf:1    | Got the Atlas of Attacks
 33821 | Elf:2    | Received a gift from Nemelex Xobeh
 34128 | Elf:2    | Reached skill level 16 in Shields
 34129 | Elf:2    | HP: 36/146 [poisoned by a +1 scimitar of venom]
 34134 | Elf:2    | HP: 26/146 [poisoned by a +1 scimitar of venom]
 34753 | Elf:2    | Received a gift from Nemelex Xobeh
 34926 | Elf:2    | Found a runed translucent gate.
 34927 | Elf:2    | Found a runed translucent gate.
 34927 | Elf:2    | Found a runed translucent gate.
 35096 | Elf:2    | Noticed Agnes
 35108 | Elf:2    | Identified the +0 trident "Nogygurch" {heavy, *Noise rPois
                  | Str+3 Int+2}
 35112 | Elf:2    | Killed Agnes
 35353 | Elf:2    | Received a gift from Nemelex Xobeh
 35607 | Elf:3    | Entered Level 3 of the Elven Halls
 35608 | Elf:3    | Received a gift from Nemelex Xobeh
 35871 | Elf:3    | Reached skill level 14 in Dodging
 35924 | Elf:3    | Received a gift from Nemelex Xobeh
 35965 | Elf:3    | Reached skill level 15 in Fighting
 36164 | Elf:3    | Identified the +3 battleaxe of Eternity {venom, rC++ Str+3}
 36338 | Elf:3    | Reached XP level 19. HP: 150/155 MP: 25/29
 36346 | Elf:3    | Identified the amulet of Impatience {RegenMP rElec rPois
                  | rF- Regen+}
 36427 | Elf:3    | Received a gift from Nemelex Xobeh
 36487 | Elf:3    | You pick up a book of Storms and begin reading...
 36488 | Elf:3    | Identified the +5 arbalest "Ruzef" {penet, Str+3 Int+2
                  | Stlth+}
 36539 | Elf:3    | Identified the staff of Royalism {rElec rF+++ Str-4 Hexes
                  | Air Earth}
 36544 | Elf:3    | You pick up a book of Vapours and begin reading...
 36633 | Elf:3    | Identified the +6 quarterstaff of Wyrd {heavy, rF- rN+
                  | Str+3 Int+3}
 36673 | Elf:3    | Identified the staff of the Median {rPois rF++ rC+ Conj
                  | Ice}
 36677 | Elf:3    | You pick up a book of Party Tricks and begin reading...
 36754 | Elf:3    | Found Ypsey's General Store.
 36758 | Elf:3    | Found Xestoi's Assorted Antiques.
 36776 | Elf:3    | Bought a potion of heal wounds for 125 gold pieces
 36776 | Elf:3    | Bought a potion of curing for 75 gold pieces
 36942 | Elf:3    | Received a gift from Nemelex Xobeh
 37616 | Vaults:1 | Entered Level 1 of the Vaults
 37643 | Vaults:1 | Reached skill level 16 in Fighting
 37669 | Vaults:1 | Reached skill level 15 in Dodging
 37820 | Vaults:1 | Reached skill level 5 in Armour
 37947 | Vaults:1 | Identified the +0 trident of the Priest {heavy, Dex+2
                  | Stlth+}
 37959 | Vaults:1 | HP: 15/157 [yaktaur captain/bolt (25)]
 37966 | Vaults:1 | HP: 31/157 [vault sentinel/+2 morningstar of freezing (16)]
 38300 | Vaults:1 | Reached skill level 6 in Armour
 38386 | Vaults:1 | Received a gift from Nemelex Xobeh
 38432 | Vaults:1 | Reached skill level 7 in Armour
 38464 | Vaults:1 | Found a large runed translucent door.
 38464 | Vaults:1 | Found a large runed translucent door.
 38464 | Vaults:1 | Found a large runed translucent door.
 38464 | Vaults:1 | Found a large runed translucent door.
 38464 | Vaults:1 | Found a large runed translucent door.
 38464 | Vaults:1 | Found a large runed translucent door.
 38464 | Vaults:1 | Found a large runed translucent door.
 38464 | Vaults:1 | Found a large runed translucent door.
 38464 | Vaults:1 | Noticed Huosm's ghost (adept TrFi)
 38663 | Vaults:1 | Killed Huosm's ghost
 38862 | Vaults:1 | Reached skill level 8 in Armour
 38943 | Vaults:1 | Reached skill level 17 in Fighting
 39389 | Vaults:1 | You pick up a book of Debilitation and begin reading...
 39389 | Vaults:1 | You add the spells Slow, Vampiric Draining and Confusing
                  | Touch to your library.
 39396 | Vaults:1 | You pick up a book of the Hunter and begin reading...
 39748 | Elf:3    | Bought a scroll of teleportation for 75 gold pieces
 39989 | Swamp:1  | Entered Level 1 of the Swamp
 40086 | Swamp:1  | Received a gift from Nemelex Xobeh
 40109 | Swamp:1  | Found a bloodstained altar of Trog.
 40111 | Swamp:1  | Noticed Mll's ghost (journeyman MiBe)
 40113 | Swamp:1  | Found a transporter.
 40118 | Swamp:1  | Reached skill level 18 in Fighting
 40156 | Swamp:1  | Found a transporter.
 40163 | Swamp:1  | Identified the staff of Shrieking Terror {rElec Will+ Int+5
                  | Stlth+ Hexes Air}
 40289 | Swamp:1  | Received a gift from Nemelex Xobeh
 40781 | Swamp:2  | Identified the +1 trident "Cavoll" {venom, rF++ Dex+6}
 40791 | Swamp:2  | Reached skill level 19 in Fighting
 40795 | Swamp:2  | Acquired the ring "Upyin" {Fire Will++ rCorr Stlth-}
 40871 | Swamp:2  | Received a gift from Nemelex Xobeh
 40887 | Swamp:2  | Gained mutation: You are completely covered in icy blue
                  | scales. (AC +4, rC+) [demonic ancestry]
 40887 | Swamp:2  | Reached XP level 20. HP: 99/174 MP: 16/30
 41069 | Swamp:2  | Found a runed translucent door.
 41071 | Swamp:2  | Noticed Dinoif's ghost (adept MfBr)
 41108 | Swamp:2  | Killed Dinoif's ghost
 41335 | Swamp:2  | magus.rc [v1.9.6]
 41397 | Swamp:3  | Reached skill level 20 in Fighting
 41404 | Swamp:3  | Received a gift from Nemelex Xobeh
 41686 | Swamp:3  | Received a gift from Nemelex Xobeh
 42117 | Swamp:4  | Entered Level 4 of the Swamp
 42223 | Swamp:4  | Reached skill level 21 in Fighting
 42351 | Swamp:4  | Reached skill level 9 in Armour
 42364 | Swamp:4  | Noticed the 27-headed Lernaean hydra
 42368 | Swamp:4  | the 27-headed Lernaean hydra changed into a juggernaut
                  | shaped Lernaean hydra
 42368 | Swamp:4  | Noticed a juggernaut shaped Lernaean hydra
 42376 | Swamp:4  | Killed a juggernaut shaped Lernaean hydra
 42456 | Swamp:4  | Reached skill level 10 in Armour
 42486 | Swamp:4  | Received a gift from Nemelex Xobeh
 42518 | Swamp:4  | Reached skill level 1 in Spellcasting
 42521 | Swamp:4  | Got a decaying rune of Zot
 43090 | Vaults:2 | Received a gift from Nemelex Xobeh
 43224 | Vaults:2 | Reached skill level 2 in Spellcasting
 43327 | Vaults:2 | Reached skill level 3 in Spellcasting
 43355 | Vaults:2 | You pick up a book of Beasts and begin reading...
 43392 | Vaults:2 | Reached skill level 4 in Spellcasting
 43483 | Vaults:2 | Identified the +2 robe of Axkoyjib {+Blink rElec rPois
                  | Int-4}
 43638 | Vaults:2 | Noticed Bai Suzhen
 43645 | Vaults:2 | Identified the -2 quarterstaff "Ishrarel" {venom, rCorr}
 43647 | Vaults:2 | the eight-headed hydra bites your -2 quarterstaff
                  | "Ishrarel" {venom, rCorr} but does no damage.
 43647 | Vaults:2 | the eight-headed hydra bites your -2 quarterstaff
                  | "Ishrarel" {venom, rCorr}!
 43647 | Vaults:2 | the eight-headed hydra bites your -2 quarterstaff
                  | "Ishrarel" {venom, rCorr}.
 43647 | Vaults:2 | the eight-headed hydra barely misses your -2 quarterstaff
                  | "Ishrarel" {venom, rCorr}.
 43647 | Vaults:2 | the eight-headed hydra misses your -2 quarterstaff
                  | "Ishrarel" {venom, rCorr}.
 43647 | Vaults:2 | the eight-headed hydra closely misses your -2 quarterstaff
                  | "Ishrarel" {venom, rCorr}.
 43647 | Vaults:2 | the eight-headed hydra closely misses your -2 quarterstaff
                  | "Ishrarel" {venom, rCorr}.
 43647 | Vaults:2 | the eight-headed hydra bites your -2 quarterstaff
                  | "Ishrarel" {venom, rCorr} but does no damage.
 43647 | Vaults:2 | your -2 quarterstaff "Ishrarel" {venom, rCorr} hits the
                  | eight-headed hydra!!
 43648 | Vaults:2 | your -2 quarterstaff "Ishrarel" {venom, rCorr} hits the
                  | eight-headed hydra!
 43648 | Vaults:2 | the eight-headed hydra barely misses your -2 quarterstaff
                  | "Ishrarel" {venom, rCorr}.
 43648 | Vaults:2 | the eight-headed hydra closely misses your -2 quarterstaff
                  | "Ishrarel" {venom, rCorr}.
 43648 | Vaults:2 | the eight-headed hydra bites your -2 quarterstaff
                  | "Ishrarel" {venom, rCorr} but does no damage.
 43648 | Vaults:2 | the eight-headed hydra bites your -2 quarterstaff
                  | "Ishrarel" {venom, rCorr}!
 43648 | Vaults:2 | the eight-headed hydra bites your -2 quarterstaff
                  | "Ishrarel" {venom, rCorr}.
 43648 | Vaults:2 | the eight-headed hydra closely misses your -2 quarterstaff
                  | "Ishrarel" {venom, rCorr}.
 43648 | Vaults:2 | the eight-headed hydra closely misses your -2 quarterstaff
                  | "Ishrarel" {venom, rCorr}.
 43648 | Vaults:2 | the eight-headed hydra completely misses your -2
                  | quarterstaff "Ishrarel" {venom, rCorr}.
 43649 | Vaults:2 | your -2 quarterstaff "Ishrarel" {venom, rCorr} hits the
                  | eight-headed hydra!!
 43649 | Vaults:2 | your -2 quarterstaff "Ishrarel" {venom, rCorr} disappears
                  | in a puff of smoke!
 43659 | Vaults:2 | Killed Bai Suzhen
 43956 | Vaults:2 | Noticed a bone dragon
 43958 | Vaults:2 | Found a staircase to the Crypt.
 43975 | Vaults:2 | Killed a bone dragon
 44031 | Vaults:2 | Received a gift from Nemelex Xobeh
 44045 | Vaults:2 | Reached skill level 15 in Invocations
 44277 | Vaults:2 | Identified the +5 scimitar "Ohouqaamm" {speed, rCorr}
 44303 | Vaults:2 | Received a gift from Nemelex Xobeh
 44401 | Vaults:2 | Reached skill level 16 in Invocations
 44554 | Vaults:2 | Gained mutation: Your hexes are more powerful. [demonic
                  | ancestry]
 44554 | Vaults:2 | Reached XP level 21. HP: 186/186 MP: 31/33
 44620 | Vaults:2 | Noticed Donald
 44631 | Vaults:2 | Killed Donald
 44722 | Vaults:2 | Reached skill level 17 in Invocations
 44985 | Vaults:3 | Reached skill level 18 in Invocations
 45214 | Vaults:3 | Reached skill level 19 in Invocations
 45495 | Vaults:3 | Received a gift from Nemelex Xobeh
 45799 | Vaults:3 | Received a gift from Nemelex Xobeh
 45870 | Vaults:3 | Found Jyunonk's Armour Emporium.
 45897 | Vaults:3 | Reached skill level 20 in Invocations
 46121 | Vaults:4 | You pick up a book of Fire and begin reading...
 46121 | Vaults:4 | You add the spells Foxfire and Starburst to your library.
 46124 | Vaults:4 | Found a crumbling gateway.
 46202 | Desolati | Entered the Desolation of Salt
 46263 | Desolati | Found the +7 Spriggan's Knife {stab, EV+4 Stlth+}
 46268 | Desolati | Reached skill level 21 in Invocations
 46285 | Desolati | Received a gift from Nemelex Xobeh
 46527 | Desolati | Identified the +4 arbalest of Impermanence {freeze, Str+3}
 46534 | Desolati | Got the Octavo of the Congregated Valley
 46537 | Desolati | Identified the ring of Ocov {Ice rN+ rCorr Dex-2 Stlth+}
 46857 | Desolati | Received a gift from Nemelex Xobeh
 46861 | Desolati | Found the +9 sword of Power {lifebolt}
 46872 | Desolati | Reached skill level 22 in Invocations
 46899 | Desolati | Identified the ring of Kupruant {*Corrode rF+ Dex+5 Stlth+}
 47144 | Desolati | Identified the +1 ring mail of Gluttony {Int+2 Slay+6}
 47148 | Desolati | Got the Writings on the Wyrd and Percussion
 47372 | Vaults:4 | You pick up a book of the Spheres and begin reading...
 47372 | Vaults:4 | You add the spells Brom's Barrelling Boulder, Iskenderun's
                  | Battlesphere and Orb of Destruction to your library.
 47377 | Vaults:4 | Received a gift from Nemelex Xobeh
 47560 | Vaults:4 | Gained mutation: You sometimes gain power by taking damage.
                  | [demonic ancestry]
 47560 | Vaults:4 | Reached XP level 22. HP: 194/194 MP: 37/37
 47688 | Vaults:4 | You pick up a book of Alchemy and begin reading...
 47782 | Vaults:4 | Found Aqitad's Assorted Antiques.
 47788 | Vaults:4 | Reached skill level 22 in Fighting
 47793 | Vaults:4 | Bought a scroll of blinking for 240 gold pieces
 48917 | Depths:1 | Entered Level 1 of the Depths
 48972 | Depths:1 | Received a gift from Nemelex Xobeh
 48986 | Depths:1 | Found a magical portal.
 48995 | WizLab   | Entered Iskenderun's Mystic Tower
 49219 | WizLab   | Identified a +1 robe of the Archmagi
 49230 | WizLab   | Got Iskenderun's Reference Book on the Impact
 49230 | WizLab   | You add the spells Kiss of Death, Dazzling Flash and Chain
                  | Lightning to your library.
 49230 | WizLab   | Got Iskenderun's Cyclopedia of Conjury
 49230 | WizLab   | You pick up a book of the Warp and begin reading...
 49247 | WizLab   | You pick up a book of Burglary and begin reading...
 49247 | WizLab   | You pick up a book of the Moon and begin reading...
 49247 | WizLab   | You add the spells Passage of Golubria, Silence and
                  | Lehudib's Crystal Spear to your library.
 49247 | WizLab   | Got the Excursus on the Sphinx
 49305 | Depths:1 | Reached skill level 11 in Armour
 49400 | Depths:1 | Found a gateway to Hell.
 49573 | Depths:1 | Found a stormy altar of Qazlal.
 49702 | Depths:1 | Reached skill level 12 in Armour
 50221 | Depths:2 | Found a one-way gate leading to the halls of Pandemonium.
 50259 | Depths:2 | Received a gift from Nemelex Xobeh
 50303 | Depths:2 | Reached skill level 13 in Armour
 50409 | Depths:2 | Found a one-way gateway to a ziggurat.
 50943 | Depths:2 | Reached skill level 14 in Armour
 51081 | Depths:2 | Received a gift from Nemelex Xobeh
 51135 | Depths:2 | Found a runed translucent door.
 51181 | Depths:2 | Found a runed translucent door.
 51416 | Depths:3 | Received a gift from Nemelex Xobeh
 51419 | Depths:3 | Found a one-way gate to the infinite horrors of the Abyss.
 51435 | Depths:3 | Gained mutation: Your melee attacks may debilitate your
                  | foes. [demonic ancestry]
 51435 | Depths:3 | Reached XP level 23. HP: 162/191 MP: 33/38
 51756 | Depths:3 | Received a gift from Nemelex Xobeh
 51836 | Depths:3 | Reached skill level 15 in Armour
 52610 | Depths:3 | Received a gift from Nemelex Xobeh
 52663 | Depths:3 | Reached skill level 16 in Armour
 53089 | Depths:4 | Entered Level 4 of the Depths
 53089 | Depths:4 | Found a bloodstained altar of Trog.
 53181 | Depths:4 | Noticed Mennas
 53206 | Depths:4 | Noticed a caustic shrike
 53207 | Depths:4 | Noticed a caustic shrike
 53208 | Depths:4 | Noticed a caustic shrike
 53208 | Depths:4 | Noticed a caustic shrike
 53210 | Depths:4 | Noticed a caustic shrike
 53222 | Depths:4 | Killed a caustic shrike
 53222 | Depths:4 | Killed a caustic shrike
 53223 | Depths:4 | Reached skill level 17 in Shields
 53223 | Depths:4 | a caustic shrike changed into a quicksilver ooze
 53223 | Depths:4 | a caustic shrike changed into a storm dragon
 53225 | Depths:4 | Killed a caustic shrike
 53393 | Depths:4 | Received a gift from Nemelex Xobeh
 53596 | Depths:4 | Found a burning altar of Makhleb.
 53760 | Depths:4 | Identified +0 gold dragon scales
 53959 | Depths:4 | Found a gate to the Realm of Zot.
 54127 | Depths:4 | Killed Mennas
 54784 | Vaults:5 | Entered Level 5 of the Vaults
 54784 | Vaults:5 | Received a gift from Nemelex Xobeh
 54871 | Vaults:5 | Reached skill level 16 in Dodging
 54913 | Vaults:5 | Reached skill level 23 in Invocations
 54929 | Vaults:5 | You pick up a book of Frost and begin reading...
 54929 | Vaults:5 | You add the spells Freeze and Frozen Ramparts to your
                  | library.
 54932 | Vaults:5 | You pick up a book of the Dragon and begin reading...
 54943 | Vaults:5 | Found Qubaisch's Armour Boutique.
 54974 | Vaults:5 | Identified the +5 rapier of Discretion {drain, Fly rPois}
 55246 | Vaults:5 | Reached skill level 24 in Invocations
 55248 | Vaults:5 | Noticed a dread lich
 55264 | Vaults:5 | Killed a dread lich
 55302 | Vaults:5 | Identified +0 gold dragon scales
 55304 | Vaults:5 | +0 gold dragon scales {rare}; a golden dragon corpse
 55330 | Vaults:5 | +0 gold dragon scales {rare}; a golden dragon corpse
 55337 | Vaults:5 | Got a silver rune of Zot
 55367 | Vaults:5 | Gained mutation: You are powered by pain. [demonic
                  | ancestry]
 55367 | Vaults:5 | Reached XP level 24. HP: 211/211 MP: 39/39
 55626 | Vaults:5 | Reached skill level 25 in Invocations
 55670 | Vaults:5 | Found Cetogao's Magic Scroll Boutique.
 55670 | Vaults:5 | Found Esae's Distillery.
 55709 | Vaults:5 | Received a gift from Nemelex Xobeh
 55844 | Vaults:5 | Found Cearat's Magic Scroll Boutique.
 55844 | Vaults:5 | Found Dyesheorph's Magic Scroll Emporium.
 55854 | Vaults:5 | Bought a scroll of teleportation for 69 gold pieces
 55854 | Vaults:5 | Bought a scroll of teleportation for 69 gold pieces
 55854 | Vaults:5 | Bought a scroll of teleportation for 69 gold pieces
 55876 | Vaults:5 | Bought a scroll of acquirement for 676 gold pieces
 55876 | Vaults:5 | Bought a scroll of summoning for 123 gold pieces
 55876 | Vaults:5 | Acquired 767 gold pieces
 55908 | Vaults:5 | Found Qel Wuro's Magic Scroll Emporium.
 55908 | Vaults:5 | Found Boweeptaaz's Distillery.
 55912 | Vaults:5 | Bought a scroll of summoning for 142 gold pieces
 55912 | Vaults:5 | Bought a scroll of summoning for 142 gold pieces
 55918 | Vaults:5 | Found Voutoamn's Distillery.
 55919 | Vaults:5 | Bought a potion of heal wounds for 85 gold pieces
 55926 | Vaults:5 | Bought a potion of might for 56 gold pieces
 55926 | Vaults:5 | Bought a potion of might for 56 gold pieces
 55926 | Vaults:5 | Bought a potion of might for 56 gold pieces
 55995 | Vaults:5 | Bought a scroll of blinking for 90 gold pieces
 56065 | Vaults:5 | Found Faufinur's Antique Armour Shoppe.
 56071 | Vaults:5 | Bought a twisted chain mail for 285 gold pieces
 56071 | Vaults:5 | Identified the +3 chain mail "Fourch" {*Slow +Inv Str+2
                  | Int+4} (You bought it in a shop on level 5 of the Vaults)
 56073 | Vaults:5 | Received a gift from Nemelex Xobeh
 56084 | Vaults:5 | Reached skill level 26 in Invocations
 56119 | Vaults:5 | Found Pyufismi's General Store.
 56196 | Vaults:5 | Found Bamebbua's Jewellery Shop.
 57039 | Zot:1    | Entered Level 1 of the Realm of Zot
 57099 | Zot:1    | Reached skill level 27 in Invocations
 57205 | Zot:2    | Noticed a Killer Klown
 57316 | Zot:5    | Entered Level 5 of the Realm of Zot
 57432 | Zot:5    | Identified +0 gold dragon scales
 57460 | Zot:5    | +0 gold dragon scales {rare}; a golden dragon corpse
 57465 | Zot:5    | Identified +0 gold dragon scales
 57469 | Zot:5    | +0 gold dragon scales {rare}; a golden dragon corpse
 57646 | Zot:5    | Reached skill level 23 in Fighting
 57658 | Zot:5    | Noticed a dread lich
 57667 | Zot:5    | Paralysed by a dread lich for 4 turns
 57679 | Zot:5    | Killed a dread lich
 57711 | Zot:5    | Noticed a dread lich
 57723 | Zot:5    | Killed a dread lich
 57724 | Zot:5    | Noticed a Killer Klown
 57729 | Zot:5    | Noticed a Killer Klown
 57739 | Zot:5    | Killed a Killer Klown
 57743 | Zot:5    | Killed a Killer Klown
 57746 | Zot:5    | Noticed an orb of fire
 57746 | Zot:5    | Noticed an ancient lich
 57756 | Zot:5    | Noticed an electric golem
 57760 | Zot:5    | Killed an orb of fire
 57764 | Zot:5    | Killed an ancient lich
 57779 | Zot:5    | Killed an electric golem
 57783 | Zot:5    | Noticed a Killer Klown
 57795 | Zot:5    | Killed a Killer Klown
 57796 | Zot:5    | Reached skill level 24 in Fighting
 57941 | Zot:5    | Gained mutation: You are surrounded by an aura of silence.
                  | [demonic ancestry]
 57941 | Zot:5    | Reached XP level 25. HP: 179/223 MP: 28/40
 58018 | Zot:5    | Got the Orb of Zot
 58232 | Depths:4 | Noticed Puweshrai the pandemonium lord
 58721 | D:$      | Escaped with the Orb!

Vanquished Creatures
  3 dread liches
  Mennas (Depths:4)
  An orb of fire (Zot:5)
  A juggernaut (Swamp:4)
  Bai Suzhen (Vaults:2)
  A Killer Klown (Zot:5)
  4 golden dragons
  3 caustic shrikes (Depths:4)
  A bone dragon (Vaults:2)
  The ghost of Huosm the Brawler, an adept TrFi of Okawaru (Vaults:1)
  An electric golem (Zot:5)
  2 Tzitzimimeh
  A hellephant (Zot:5)
  An Ice Fiend (Zot:5)
  21 Orb Guardians
  3 liches
  A walking earthen tome (Depths:3)
  6 tentacled monstrosities
  5 quicksilver dragons
  Asterion (Snake:4)
  4 titans
  2 deep elf master archers (Elf:3)
  6 sphinxes
  2 deep elf blademasters
  4 tengu reavers (Vaults:5)
  Agnes (Elf:2)
  A thorn hunter (Swamp:3)
  7 storm dragons
  The ghost of Dinoif the Deadly Accurate, an adept MfBr of Okawaru (Swamp:2)
  Donald (Vaults:2)
  6 shadow dragons
  A draconian monk (Zot:1)
  A fenstrider witch (Swamp:2)
  7 fire giants
  A draconian knight (Depths:4)
  6 nagarajas
  A demonspawn warmonger (D:7)
  10 frost giants
  21 vault wardens
  A deep elf sorcerer (Vaults:5)
  3 draconian scorchers
  2 imperial myrmidons (Desolation)
  An iron dragon (Vaults:5)
  Louise (Snake:1)
  2 ghost moths
  A caustic shrike zombie (Depths:2)
  2 orc warlords
  2 draconian shifters (Zot:5)
  20 ironbound preservers
  A spriggan defender (Depths:3)
  5 deep elf elementalists
  3 formless jellyfish
  A quicksilver ooze (Depths:4)
  13 very ugly things
  19 stone giants
  3 draconian annihilators
  11 ironbound thunderhulks
  A green draconian (Depths:4)
  2 war gargoyles
  6 eleionomae
  A broodmother (shapeshifter) (Vaults:5)
  A vampire knight (Depths:4)
  7 spark wasps
  9 deep elf demonologists
  10 deep elf annihilators
  3 white draconians
  5 black draconians
  6 red draconians
  2 yellow draconians (Zot:5)
  23 dire elephants
  2 halazid warlocks (Desolation)
  A minotaur (Gauntlet)
  Azrael (D:12)
  6 bunyips
  2 statues (WizLab)
  12 purple draconians
  2 crystal guardians (Desolation)
  7 ettins
  6 deep elf death magi
  13 yaktaur captains
  6 ragged hierophants (Desolation)
  3 shambling mangroves
  2 entropy weavers
  4 deep elf high priests
  6 fire dragons
  7 great orbs of eyes
  3 servants of whispers (Desolation)
  Harold (D:10)
  6 rakshasas
  28 vault guards
  2 salamander tyrants
  15 hydras
  A spriggan zombie (Depths:2)
  A caustic shrike simulacrum (Depths:1)
  A hell beast (Depths:2)
  A juggernaut simulacrum (Depths:2)
  7 peacekeepers
  A ghost crab (Swamp:1)
  Erica (Lair:1)
  16 centaur warriors
  7 ice dragons
  9 ironbound frosthearts
  5 ogre magi
  7 anacondas
  8 alligators
  A merfolk avatar (Lair:5)
  4 boulder beetles
  26 dancing weapons
  A hell hog (Gauntlet)
  14 naga warriors
  13 two-headed ogres
  6 deep troll shamans
  3 tengu warriors
  A vampire mage (Depths:3)
  13 death yaks
  5 spriggan berserkers (Depths:2)
  11 deep troll earth magi
  3 occultists
  10 naga sharpshooters
  6 hell knights (Depths:3)
  4 shock serpents
  3 orc high priests
  19 deep elf knights
  4 salamander mystics
  A sixfirhy (D:2)
  6 iron trolls
  Amaemon (D:9)
  A fire crab (Depths:2)
  A death drake (Swamp:2)
  5 goliath frogs
  5 skeletal warriors
  53 deep trolls
  5 sea snakes
  3 spectral anacondas (Snake:4)
  2 spriggan druids
  4 naga ritualists
  6 deep elf archers
  5 glowing orange brains
  12 swamp dragons
  A golden dragon skeleton (Depths:2)
  An anaconda zombie (Snake:4)
  A steelbarb worm (Depths:2)
  4 flayed ghosts
  4 phantasmal warriors
  4 bog bodies
  18 ironbound convokers
  8 arcanists
  15 lindwurms
  8 mana vipers
  A mana viper (shapeshifter) (Depths:3)
  4 orc knights
  19 deep elf pyromancers
  2 orc sorcerers (Orc:2)
  3 anaconda skeletons (Snake:4)
  5 necromancers
  20 ugly things
  A harpy (Lair:5)
  2 will-o-the-wisps
  38 deep elf zephyrmancers
  A faun (shapeshifter) (Vaults:5)
  4 manticores
  A frost giant zombie (Depths:1)
  A shining eye (shapeshifter) (Elf:2)
  5 cyclopes
  2 moths of wrath
  12 salamanders
  5 elephants
  A water nymph (Depths:2)
  27 black mambas
  3 centaur zombies (D:15)
  A frost giant skeleton (Depths:1)
  12 naga magi
  A black mamba (shapeshifter) (D:13)
  7 guardian serpents
  An orange demon (D:9)
  A gargoyle (D:13)
  2 hellions
  13 cane toads
  24 vault sentinels
  8 rime drakes
  19 komodo dragons
  2 centaur skeletons (D:15)
  3 anaconda simulacra (Snake:4)
  A tormentor (Zot:5)
  A spark wasp simulacrum (Depths:1)
  38 yaktaurs
  A freezing wraith (Vaults:4)
  A spectral naga (Snake:1)
  20 tengu conjurers
  2 meliai (shapeshifter)
  13 polar bears
  6 trolls
  2 bloated husks (Swamp:1)
  Prince Ribbit (D:9)
  26 hornets
  A raiju (shapeshifter) (D:12)
  5 tyrant leeches
  43 saltlings (Desolation)
  14 blink frogs
  A raiju (Snake:3)
  An iron dragon simulacrum (Depths:1)
  9 dream sheep
  A snapping turtle (shapeshifter) (Vaults:5)
  A centaur simulacrum (D:12)
  2 jumping spiders
  2 air elementals (Elf:1)
  12 slime creatures
  3 shadows
  5 wraiths (D:8)
  A spriggan (shapeshifter) (D:15)
  12 spriggans
  49 yaks
  A human (Snake:3)
  Grum (D:8)
  10 basilisks
  25 fire bats
  A golden eye (shapeshifter) (D:13)
  A vampire (D:8)
  9 wyverns
  A golden eye (Depths:2)
  8 fire elementals
  A hog (shapeshifter) (D:13)
  22 vampire mosquitoes
  5 steam dragons
  A hog (Depths:2)
  15 swamp worms
  3 wargs
  18 nagas
  18 water moccasins
  An acid dragon (D:8)
  4 hell hounds
  14 orc warriors
  12 swamp drakes
  An ice beast (D:5)
  2 black bears
  10 ogres
  4 boggarts
  19 wolves
  6 centaurs
  2 phantoms
  9 bullfrogs
  6 kobold brigands
  4 gnoll sergeants
  3 scorpions
  2 earth elementals
  A brain worm (shapeshifter) (D:12)
  An elephant simulacrum (Lair:1)
  8 killer bees
  3 electric eels
  2 howler monkeys
  3 hounds
  21 orc priests
  Natasha (D:3)
  5 iguanas
  22 orc wizards
  8 mummies (Ossuary)
  8 adders
  15 gnolls
  3 white imps
  2 shadow imps
  2 ufetubi (D:6)
  2 dart slugs
  56 orcs
  4 ball pythons
  4 endoplasms
  3 giant cockroaches (D:3)
  A gnoll zombie (Ossuary)
  7 goblins
  11 hobgoblins
  27 kobolds
  3 quokkas
  92 bats
  2 frilled lizards
  4 hobgoblin zombies (Ossuary)
  3 orc zombies (Ossuary)
  6 rats
1924 creatures vanquished.

Vanquished Creatures (collateral kills)
  An ancient lich (Zot:5)
  Vashnia (Snake:4)
  2 Killer Klowns (Zot:5)
  2 tentacled monstrosities (Zot:5)
  2 Orb Guardians (Zot:5)
  A deep elf blademaster (Elf:3)
  A death cob (Zot:5)
  A tengu reaver (Vaults:4)
  A thorn hunter (Swamp:2)
  A shadow dragon (Vaults:5)
  A vault warden (Vaults:4)
  A very ugly thing (Vaults:5)
  An ironbound preserver (Vaults:4)
  A deep elf demonologist (Elf:3)
  An eleionoma (Lair:3)
  A vault guard (Vaults:5)
  A salamander tyrant (Snake:4)
  3 hydras
  3 two-headed ogres
  An anaconda (Snake:3)
  A dancing weapon (Elf:2)
  6 death yaks
  2 orc high priests (Orc:2)
  A deep elf knight (Elf:2)
  A shock serpent (Snake:4)
  4 deep trolls (Vaults:4)
  7 skeletal warriors
  4 slime creatures (Vaults:1)
  A deep elf zephyrmancer (Elf:1)
  3 phantasmal warriors (Snake:1)
  2 mana vipers (Snake:4)
  2 orc knights
  A swamp dragon (Swamp:4)
  An ugly thing (D:14)
  A deep elf pyromancer (Elf:2)
  A wolf spider (Gauntlet)
  2 orc sorcerers (Orc:1)
  A manticore (D:14)
  2 salamanders (Snake:4)
  4 guardian serpents (Snake:4)
  2 naga magi
  A black mamba (Snake:4)
  A yaktaur (Vaults:4)
  A rime drake (Lair:5)
  A freezing wraith (Vaults:1)
  2 polar bears (Lair:5)
  A raiju (Gauntlet)
  A shadow (D:11)
  A yak (IceCv)
  A steam dragon (D:7)
  A vampire mosquito (D:11)
  3 nagas (Snake:4)
  3 orc warriors
  An ogre (D:7)
  2 killer bees (D:7)
  2 hounds
  7 orc priests (Orc:2)
  5 orc wizards (Orc:2)
  A sleepcap (D:7)
  2 gnolls (D:11)
  A white imp (D:7)
  A worm (D:5)
  2 dart slugs (Orc:2)
  12 orcs
  3 ball pythons (Orc:2)
  A bat (Orc:2)
  A giant cockroach (Orc:2)
  A frilled lizard (Orc:2)
  A goblin (Orc:2)
  A kobold (Orc:2)
  A spectral weapon (Snake:4)
138 creatures vanquished.

Vanquished Creatures (others)
  A naga sharpshooter (Snake:3)
  4 deep elf pyromancers
  A will-o-the-wisp (Swamp:3)
  A slime creature (Vaults:2)
  3 bloated husks
  2 saltlings (Desolation)
  A centaur (Depths:2)
  6 foxfires
  19 spectral weapons
38 creatures vanquished.

Grand Total: 2100 creatures vanquished

Table legend:
 A = Non-vault XP
 B = Vault XP
 C = Vault XP percentage of total XP
 D = Non-vault monster count
 E = Vault monster count
 F = Vault count percentage of total count
                 A         B        C        D         E       F
            +---------+---------+-------+---------+---------+-------
      Total |  541554 |  603781 |  52.7 |    1233 |     827 |  40.1
            +---------+---------+-------+---------+---------+-------
        D:1 |      36 |       0 |   0.0 |      22 |       0 |   0.0
        D:2 |      31 |       0 |   0.0 |       9 |       0 |   0.0
        D:3 |     225 |      35 |  13.5 |      24 |       1 |   4.0
        D:4 |     275 |       4 |   1.4 |      17 |       2 |  10.5
        D:5 |     742 |       0 |   0.0 |      13 |       0 |   0.0
        D:6 |    1166 |       0 |   0.0 |      39 |       0 |   0.0
        D:7 |    1220 |       0 |   0.0 |      29 |       0 |   0.0
        D:8 |    6440 |    2605 |  28.8 |     131 |      17 |  11.5
        D:9 |    1389 |    1474 |  51.5 |      14 |       3 |  17.6
       D:10 |    3459 |    1408 |  28.9 |      23 |       4 |  14.8
       D:11 |    3592 |     196 |   5.2 |      21 |       1 |   4.5
       D:12 |    2831 |    6412 |  69.4 |      11 |      18 |  62.1
       D:13 |    4577 |    1697 |  27.0 |      11 |       2 |  15.4
       D:14 |   12131 |       0 |   0.0 |      19 |       0 |   0.0
       D:15 |    8469 |    6661 |  44.0 |      17 |      11 |  39.3
     Lair:1 |    3493 |    2299 |  39.7 |      18 |       9 |  33.3
     Lair:2 |    7315 |    2368 |  24.5 |      23 |      11 |  32.4
     Lair:3 |    4178 |    1028 |  19.7 |      11 |       1 |   8.3
     Lair:4 |   11038 |    2314 |  17.3 |      28 |       7 |  20.0
     Lair:5 |   17064 |   11433 |  40.1 |      54 |      29 |  34.9
    Swamp:1 |    9412 |       0 |   0.0 |      19 |       0 |   0.0
    Swamp:2 |   17825 |    1403 |   7.3 |      26 |       1 |   3.7
    Swamp:3 |   16649 |       0 |   0.0 |      30 |       0 |   0.0
    Swamp:4 |   14584 |   19197 |  56.8 |      31 |      27 |  46.6
    Snake:1 |   13121 |   10744 |  45.0 |      23 |      14 |  37.8
    Snake:2 |    8346 |       0 |   0.0 |      14 |       0 |   0.0
    Snake:3 |   18560 |       0 |   0.0 |      36 |       0 |   0.0
    Snake:4 |   18767 |   27466 |  59.4 |      37 |      44 |  54.3
      Orc:1 |    2948 |       0 |   0.0 |      22 |       0 |   0.0
      Orc:2 |    1665 |    6004 |  78.3 |      32 |      55 |  63.2
      Elf:1 |   14602 |    4419 |  23.2 |      28 |       7 |  20.0
      Elf:2 |   22348 |   25196 |  53.0 |      34 |      32 |  48.5
      Elf:3 |   20659 |   27169 |  56.8 |      34 |      24 |  41.4
   Vaults:1 |   18094 |   38792 |  68.2 |      30 |      47 |  61.0
   Vaults:2 |   25838 |   46136 |  64.1 |      41 |      54 |  56.8
   Vaults:3 |   19837 |   20637 |  51.0 |      27 |      25 |  48.1
   Vaults:4 |   28413 |   24482 |  46.3 |      40 |      25 |  38.5
   Vaults:5 |   23532 |  103524 |  81.5 |      37 |      92 |  71.3
   Depths:1 |   33761 |       0 |   0.0 |      42 |       0 |   0.0
   Depths:2 |   32010 |   25387 |  44.2 |      36 |      35 |  49.3
   Depths:3 |   27818 |   20922 |  42.9 |      32 |      19 |  37.3
   Depths:4 |   23023 |   13822 |  37.5 |      15 |       8 |  34.8
      Zot:1 |   12410 |    2251 |  15.4 |      12 |       2 |  14.3
      Zot:3 |    1016 |       0 |   0.0 |       1 |       0 |   0.0
      Zot:5 |   26645 |   71170 |  72.8 |      20 |      32 |  61.5
    Ossuary |       0 |     153 | 100.0 |       0 |      16 | 100.0
      IceCv |       0 |   13725 | 100.0 |       0 |      35 | 100.0
    Volcano |       0 |    5928 | 100.0 |       0 |       7 | 100.0
     WizLab |       0 |   17480 | 100.0 |       0 |      30 | 100.0
 Desolation |       0 |   33034 | 100.0 |       0 |      68 | 100.0
   Gauntlet |       0 |    4806 | 100.0 |       0 |      12 | 100.0
            +---------+---------+-------+---------+---------+-------

Skill      XL: |  1  2  3  4  5  6  7  8  9 10 11 12 13 14 15 16 17 18 19 20 21 22 23 24 |
---------------+-------------------------------------------------------------------------+-----
Short Blades   | 3 4 5 6 7 9 |  9.4
Fighting       | 4 5 7 9 10 12 14 15 19 21 22 24 | 24.8
Invocations    | 5 6 12 13 14 16 22 24 27 | 27.0
Long Blades    | 8 12 | 12.7
Dodging        | 6 8 9 11 13 14 15 16 | 16.0
Shields        | 6 8 10 11 13 16 17 | 17.0
Armour         | 4 8 10 14 16 | 16.0
Stealth        | 6 12 | 12.0
Spellcasting   | 4 |  4.6

Action                     |  1- 3 |  4- 6 |  7- 9 | 10-12 | 13-15 | 16-18 | 19-21 | 22-24 | 25-27 || total
---------------------------+-------+-------+-------+-------+-------+-------+-------+-------+-------++-------
  Melee: Short sword       |    71 |    58 |       |       |       |       |       |       |       ||   129
         Punch             |     2 |     3 |     4 |     4 |       |       |       |       |       ||    13
         Dagger            |       |   135 |   297 |       |       |       |       |       |       ||   432
         Tailslap          |       |       |    55 |    71 |   261 |   232 |   434 |   504 |    25 ||  1582
         Falchion          |       |       |    11 |   550 |  1204 |   904 |       |    11 |    34 ||  2714
         Headbutt          |       |       |       |       |    73 |   312 |   585 |   732 |    45 ||  1747
         Demon blade       |       |       |       |       |       |   178 |  1663 |  1832 |    61 ||  3734
  Throw: Dart              |     1 |       |       |       |       |       |       |       |       ||     1
 Invoke: Draw Destruction  |       |     1 |    12 |    10 |    19 |    20 |    10 |    13 |       ||    85
         Draw Summoning    |       |       |     2 |     7 |    15 |    25 |    15 |    12 |     3 ||    79
         Draw Escape       |       |       |       |       |       |     3 |       |       |       ||     3
         Stack Five        |       |       |       |       |       |     1 |       |       |       ||     1
         Draw Stack        |       |       |       |       |       |     1 |       |       |       ||     1
         Triple Draw       |       |       |       |       |       |     1 |       |       |       ||     1
         Deal Four         |       |       |       |       |       |       |     1 |       |       ||     1
  Evoke: Wand              |     2 |     1 |     3 |       |     2 |       |       |     8 |       ||    16
         Condenser vane    |       |       |       |       |     1 |       |     2 |     2 |       ||     5
         Phial of floods   |       |       |       |       |       |       |       |     1 |       ||     1
    Use: Scroll            |     5 |     6 |     5 |     8 |     7 |    17 |    15 |    18 |     1 ||    82
         Potion            |       |       |       |     1 |     3 |     1 |     3 |    15 |     7 ||    30
   Stab: Sleeping          |     9 |    11 |     5 |     3 |    10 |    47 |    86 |    36 |       ||   207
         Distracted        |       |     2 |       |     6 |    20 |    46 |    12 |    13 |     3 ||   102
         Petrified         |       |       |       |     2 |     5 |       |     2 |       |     2 ||    11
         Petrifying        |       |       |       |       |     1 |       |     3 |     2 |     1 ||     7
         Confused          |       |       |       |       |     1 |       |     1 |       |       ||     2
         Fleeing           |       |       |       |       |       |     2 |       |       |       ||     2
         Invisible         |       |       |       |       |       |       |       |     2 |       ||     2
 Armour: Leather armour    |    34 |    68 |   122 |       |    43 |       |       |       |       ||   267
         Steam dragon scal |       |       |    55 |   513 |       |       |       |       |       ||   568
         Ring mail         |       |       |       |       |   433 |   394 |   655 |    45 |       ||  1527
         Storm dragon scal |       |       |       |       |       |       |       |   948 |    65 ||  1013
  Dodge: Dodged            |    44 |    76 |   154 |   473 |   366 |   475 |  1038 |   719 |    34 ||  3379
  Block: Buckler           |       |       |       |    16 |    14 |       |       |       |       ||    30
         Kite shield       |       |       |       |       |   562 |   607 |  1241 |  1262 |    55 ||  3727
         Reflection        |       |       |       |       |       |    37 |    52 |    32 |       ||   121

Illustrated notes

Table legend:
 A = Kills in this place as a percentage of kills in the entire game.
 B = Kills by you in this place as a percentage of kills by you in the entire game.
 C = Kills by friends in this place as a percentage of kills by friends in the entire game.
 D = Other kills in this place as a percentage of other kills in the entire game.
 E = Experience gained in this place as a percentage of experience gained in the entire game.
 F = Experience gained in this place divided by the number of levels of this place that you have seen.
                   A       B       C       D       E      F
               +-------+-------+-------+-------+-------+----------------------
         Total | 100.0 | 100.0 | 100.0 | 100.0 | 100.0 | 21435.3
       Dungeon |  22.4 |  22.5 |  21.9 |   0.0 |   6.3 | 4853.7
          Lair |   9.2 |   9.4 |   7.3 |   0.0 |   5.4 | 12506.0
         Swamp |   6.5 |   6.8 |   1.5 |  22.2 |   6.8 | 19767.5
     Snake Pit |   8.1 |   7.6 |  15.3 |  11.1 |   8.4 | 24251.0
  Orcish Mines |   5.3 |   3.8 |  26.3 |   0.0 |   0.9 | 5308.5
   Elven Halls |   7.7 |   7.8 |   4.4 |  33.3 |   9.9 | 38131.0
        Vaults |  20.2 |  20.8 |  12.4 |  11.1 |  30.2 | 69857.0
        Depths |   9.1 |   9.7 |   0.0 |  22.2 |  15.3 | 44281.0
           Zot |   3.4 |   3.3 |   5.8 |   0.0 |  10.3 | 23910.2
       Ossuary |   0.8 |   0.8 |   0.0 |   0.0 |   0.0 | 153.0
      Ice Cave |   1.7 |   1.6 |   2.9 |   0.0 |   1.2 | 13725.0
       Volcano |   0.3 |   0.3 |   0.7 |   0.0 |   0.5 | 5928.0
        Wizlab |   1.4 |   1.6 |   0.0 |   0.0 |   1.5 | 17480.0
    Desolation |   3.3 |   3.5 |   0.0 |   0.0 |   2.9 | 33034.0
      Gauntlet |   0.6 |   0.5 |   1.5 |   0.0 |   0.4 | 4806.0
               +-------+-------+-------+-------+-------+----------------------

Table legend: (Time is in decaauts)
 A = Elapsed time spent in this place.
 B = Non-inter-level travel time spent in this place.
 C = Inter-level travel time spent in this place.
 D = Time resting spent in this place.
 E = Time spent auto-exploring this place.
 F = Levels seen in this place.
 G = Mean time per level.
                   A        B        C        D        E       F      G
               +--------+--------+--------+--------+--------+-----+--------+
         Total |  56752 |  51784 |   4968 |   7206 |  30879 |  54 | 1051.0 |
       Dungeon |  16580 |  14582 |   1998 |   1772 |   9635 |  15 | 1105.3 |
          Lair |   5943 |   5426 |    517 |    332 |   3809 |   5 | 1188.6 |
         Swamp |   3004 |   2753 |    251 |    138 |   1956 |   4 |  751.0 |
     Snake Pit |   6023 |   5829 |    194 |    910 |   4021 |   4 | 1505.8 |
  Orcish Mines |   1932 |   1548 |    384 |    262 |    797 |   2 |  966.0 |
   Elven Halls |   5035 |   4682 |    353 |   1068 |   2469 |   3 | 1678.3 |
        Vaults |   8017 |   7101 |    916 |    723 |   3817 |   5 | 1603.4 |
        Depths |   5271 |   4968 |    303 |    748 |   3124 |   4 | 1317.8 |
           Zot |   1081 |   1034 |     47 |    169 |    160 |   5 |  216.2 |
         Trove |     92 |     92 |      0 |      0 |      0 |   1 |   92.0 |
       Ossuary |    201 |    201 |      0 |      0 |    123 |   1 |  201.0 |
      Ice Cave |   1164 |   1164 |      0 |    445 |    323 |   1 | 1164.0 |
       Volcano |    495 |    495 |      0 |    191 |    186 |   1 |  495.0 |
        Wizlab |    258 |    258 |      0 |      0 |      0 |   1 |  258.0 |
    Desolation |    973 |    973 |      0 |    364 |    145 |   1 |  973.0 |
      Gauntlet |    675 |    675 |      0 |     83 |    313 |   1 |  675.0 |
               +--------+--------+--------+--------+--------+-----+--------+

Top non-repeatable levels by time:
Vaults:1: 2563 daAuts
 Snake:4: 2242 daAuts
   Elf:2: 1844 daAuts
Vaults:5: 1731 daAuts
   Elf:1: 1714 daAuts
 Snake:1: 1686 daAuts
     D:8: 1681 daAuts
Depths:3: 1649 daAuts
Vaults:2: 1605 daAuts
   Elf:3: 1477 daAuts
     D:6: 1434 daAuts
  Lair:1: 1418 daAuts
Depths:4: 1413 daAuts
Depths:2: 1388 daAuts
    D:11: 1373 daAuts
